Workbook

Sheet ANALISIS M.O
B2: ANÁLISIS MANO DE OBRA | E2: AFP | F2: =1+C25 -> 1.7733266
B3: Salario Mínimo Mensual Legal Vigente año 2024 | C3: 1750905 | I3: 1.7803121
B4: Subsidio de Transporte (salario <= 2 SMMLV) | C4: 200000
B6: DESCRIPCIÓN | C6: SALARIO <= 2 SMMLV | D6: SALARIO > 2 SMMLV
C7: PERSONAL TÉCNICO, OPERATIVO Riesgo Clase V | D7: PERSONAL TÉCNICO, OPERATIVO Riesgo Clase V
B8: PRESTACIONES SOCIALES
B9: Cesantías | C9: 0.0833 | D9: 0.0833
B10: Intereses cesantías | C10: 0.01 | D10: 0.01
B11: Vacaciones | C11: 0.0417 | D11: 0.0417
B12: Prima | C12: 0.0833 | D12: 0.0833
B13: Dotación | C13: 0.06 | D13: 0.04
B14: SEGURIDAD SOCIAL
B15: Aportes régimen general de pensiones (I.V.M) | C15: 0.12 | D15: 0.12
B16: Aporte riesgos profesionales A.R.P. | C16: 0.0696 | D16: 0.0696
B17: Aportes régimen contributivo de salud | C17: 0.085 | D17: 0.085
B18: Certificado trabajo seguro en alturas | C18: 0.0212 | D18: 0.0212
B19: OTROS APORTES
B20: Aportes FIC | C20: 0.025 | D20: 0.025
B21: I.C.B.F. | C21: 0 | D21: 0
B22: Comfamiliar | C22: 0.04 | D22: 0.04
B23: Subsidio de transporte | C23: =C4/C3 -> 0.11422664
B24: Examenes medicos de ingreso y egreso | C24: 0.02 | D24: 0.02
C25: =SUM(C8:C24) -> 0.77332664 | D25: =SUM(D8:D24) -> 0.6391
C26: =ROUND(1+C25,4) -> 1.7733 | D26: =ROUND(1+D25,4) -> 1.6391
B28: NOMBRE | C28: SALARIO MENSUAL | D28: PRESTACIONES Y APORTES | E28: SALARIO + PRESTACIONES | F28: SALARIO DIA SIN PRESTACIONES | G28: SALARIO DIA
B29: Ayudante | C29: =C3 -> 1750905 | D29: =ROUND((C29*$C$25),0) -> 1354021 | E29: =C29+D29 -> 3104926 | F29: =+ROUND((C29/30),0) -> 58364 | G29: =ROUND((E29/30),0) -> 103498
B30: Ayudante práctico | C30: =C29*1.4 -> 2451267 | D30: =ROUND((C30*$C$25),0) -> 1895630 | E30: =C30+D30 -> 4346897 | F30: =+ROUND((C30/30),0) -> 81709 | G30: =ROUND((E30/30),0) -> 144897
B31: Oficial | C31: =C29*1.8 -> 3151629 | D31: =ROUND((C31*$C$25),0) -> 2437239 | E31: =C31+D31 -> 5588868 | F31: =+ROUND((C31/30),0) -> 105054 | G31: =ROUND((E31/30),0) -> 186296
B32: Cadenero 1 | C32: =C29*1.5 -> 2626357.5 | D32: =ROUND((C32*$C$25),0) -> 2031032 | E32: =C32+D32 -> 4657389.5 | F32: =+ROUND((C32/30),0) -> 87545 | G32: =ROUND((E32/30),0) -> 155246
B33: Cadenero 2 | C33: =C29 -> 1750905 | D33: =ROUND((C33*$C$25),0) -> 1354021 | E33: =C33+D33 -> 3104926 | F33: =+ROUND((C33/30),0) -> 58364 | G33: =ROUND((E33/30),0) -> 103498
B34: Liniero cat 1 | C34: =C29*2.8 -> 4902534 | D34: =ROUND((C34*$C$25),0) -> 3791260 | E34: =C34+D34 -> 8693794 | F34: =+ROUND((C34/30),0) -> 163418 | G34: =ROUND((E34/30),0) -> 289793
B35: Liniero cat 2 | C35: =C29*1.8 -> 3151629 | D35: =ROUND((C35*$C$25),0) -> 2437239 | E35: =C35+D35 -> 5588868 | F35: =+ROUND((C35/30),0) -> 105054 | G35: =ROUND((E35/30),0) -> 186296
B36: Maestro de obra | C36: =C29*3 -> 5252715 | D36: =ROUND((C36*$C$25),0) -> 4062064 | E36: =C36+D36 -> 9314779 | F36: =+ROUND((C36/30),0) -> 175091 | G36: =ROUND((E36/30),0) -> 310493
B37: Operador de maquinaria | C37: =C29*2 -> 3501810 | D37: =ROUND((C37*$C$25),0) -> 2708043 | E37: =C37+D37 -> 6209853 | F37: =+ROUND((C37/30),0) -> 116727 | G37: =ROUND((E37/30),0) -> 206995
B38: Topógrafo | C38: =C29*3.5 -> 6128167.5 | D38: =ROUND((C38*$C$25),0) -> 4739075 | E38: =C38+D38 -> 10867242 | F38: =+ROUND((C38/30),0) -> 204272 | G38: =ROUND((E38/30),0) -> 362241
B39: Profesional en salud ocupacional | C39: =C29*2.8 -> 4902534 | D39: =ROUND((C39*$C$25),0) -> 3791260 | E39: =C39+D39 -> 8693794 | F39: =+ROUND((C39/30),0) -> 163418 | G39: =ROUND((E39/30),0) -> 289793
B40: Cuadrilla E 1 Of + 1 Ay (jornal + prestaciones) | F40: =F31+F29 -> 163418 | G40: =G31+G29 -> 289794
B41: Cuadrilla G 1 Of + 2 Ay (jornal + prestaciones) | F41: =F31+(2*F29) -> 221782 | G41: =G31+(2*G29) -> 393292
B42: Cuadrilla A 1 Of + 4 Ay (jornal + prestaciones) | F42: =F31+(4*F29) -> 338510 | G42: =G31+(4*G29) -> 600288
B43: Comisión topografía (topógrafo + Cadenero 1 + 2 Cadeneros 2) | F43: =F38+F32+(2*F33) -> 408545 | G43: =G38+G32+(2*G33) -> 724483
B44: Cuadrilla C 1 Of + 7 Ay (jornal + prestaciones) | F44: =F31+(7*F29) -> 513602 | G44: =G31+(7*G29) -> 910782
B45: Cuadrilla D 2 Of + 4 Ay (jornal + prestaciones) | F45: =(2*F31)+(4*F29) -> 443564 | G45: =(2*G31)+(4*G29) -> 786584
B46: Cuadrilla F 6 Of + 4 Ay (jornal + prestaciones) | F46: =(6*F31)+(4*F29) -> 863780 | G46: =(6*G31)+(4*G29) -> 1531768
B47: Cuadrilla H 4 Ay (jornal + prestaciones) | F47: =4*F29 -> 233456 | G47: =4*G29 -> 413992

Sheet 1 localizacion
A1: FORMATO DE ANALISIS DE PRECIOS UNITARIOS-APU
A2: REPUBLICA DE COLOMBIA | E2: ANALISIS DE PRECIOS UNITARIOS
A4: OBJETO: | B4: =+'PRESUPUESTO DE OBRA'!A2 -> CONSTRUCCIÓN DE PAVIMENTO RÍGIDO EN LA CALLE 4 ENTRE CARRERAS 7 Y 8 SECTOR LA CÁRCEL DEL MUNICIPIO DE AGUADAS, CALDAS | G4: ITEM: | H4: 1
A5: DESCRIPCIÓN: | B5: =VLOOKUP(H4,'PRESUPUESTO DE OBRA'!A:E,2,0) -> Localizacion y replanteo | G5: UNIDAD: | H5: =VLOOKUP(H4,'PRESUPUESTO DE OBRA'!A:E,3,0) -> ml
A6: I.EQUIPO
A7: Descripción | D7: Tipo | E7: Tarifa/Hora | F7: Rendimiento | G7: Valor-Unit.
A8: EQUIPO DE TOPOGRAFIA | E8: =+'BASE DE DATOS'!D69 -> 165848 | F8: 200 | G8: =+E8/F8 -> 829.24
G11: Sub-Total | H11: =SUM(G8:G10) -> 829.24
A12: II. MATERIALES EN OBRA
A13: Descripción | D13: Unidad | E13: Precio-Unit. | F13: Cantidad | G13: Valor-Unit.
A14: ESTACAS | D14: UN | E14: =+'BASE DE DATOS'!D23 -> 1659 | F14: 0.3 | G14: =+F14*E14 -> 497.7
A15: PINTURA EN VINILO | D15: CUARTO | E15: =+'BASE DE DATOS'!D24 -> 27641 | F15: 0.03 | G15: =+F15*E15 -> 829.23
G17: Sub-Total | H17: =SUM(G14:G16) -> 1326.93
A18: III.TRANSPORTES
A19: Material | C19: Vol-Peso ó Cant. | D19: Distancia | E19: M3-KM | F19: Tarifa | G19: Valor-Unit.
G23: Sub-Total | H23: =SUM(G20:G22) -> 0
A24: IV. MANO DE OBRA
A25: Trabajador | C25: Jornal | D25: Prestaciones | E25: Jornal Total | F25: Rendimiento | G25: Valor-Unit.
A26: TOPOGRAFO | C26: =+'BASE DE DATOS'!$D$12 -> 204272 | D26: =+'ANALISIS M.O'!$F$2 -> 1.7733266 | E26: =+D26*C26 -> 362240.98 | F26: 143.82243 | G26: =+E26/F26 -> 2518.6682
A27: CADENERO 1 | C27: =+'BASE DE DATOS'!$D$6 -> 87545 | D27: =+'ANALISIS M.O'!$F$2 -> 1.7733266 | E27: =+D27*C27 -> 155245.88 | F27: =+F26 -> 143.82243 | G27: =+E27/F27 -> 1079.4275
A28: CADENERO 2 | C28: =+'BASE DE DATOS'!$D$7 -> 58364 | D28: =+'ANALISIS M.O'!$F$2 -> 1.7733266 | E28: =+D28*C28 -> 103498.44 | F28: =+F27 -> 143.82243 | G28: =+E28/F28 -> 719.62653
A29: OBRERO (2) | C29: =+'BASE DE DATOS'!$D$3*2 -> 116728 | D29: =+'ANALISIS M.O'!$F$2 -> 1.7733266 | E29: =+D29*C29 -> 206996.87 | F29: =+F28 -> 143.82243 | G29: =+E29/F29 -> 1439.2531
G31: Sub-Total | H31: =SUM(G26:G30) -> 5756.9752
E33: Total Costo Directo | H33: =ROUND((+H11+H17+H23+H31),4) -> 7913.1452
A35: V. AU
A36: Descripción | D36: PORCENTAJE | E36: Tarifa/Hora | F36: Rendimiento | G36: Valor-Unit.
A37: ADMINISTRACIÓN | D37: =+'PRESUPUESTO DE OBRA'!E41 -> 0.32 | G37: =$H$33*D37 -> 2532.2065
A38: UTILIDADES | D38: =+'PRESUPUESTO DE OBRA'!E42 -> 0.05 | G38: =$H$33*D38 -> 395.65726
G39: Sub-Total | H39: =SUM(G37:G38) -> 2927.8637
E42: Total Costo | H42: =ROUND(H39+H33,0) -> 10841

Sheet 2 Cerramiento 
A1: FORMATO DE ANALISIS DE PRECIOS UNITARIOS-APU
A2: REPUBLICA DE COLOMBIA | E2: ANALISIS DE PRECIOS UNITARIOS
A4: OBJETO: | B4: =+'PRESUPUESTO DE OBRA'!A2 -> CONSTRUCCIÓN DE PAVIMENTO RÍGIDO EN LA CALLE 4 ENTRE CARRERAS 7 Y 8 SECTOR LA CÁRCEL DEL MUNICIPIO DE AGUADAS, CALDAS | G4: ITEM: | H4: 2
A5: DESCRIPCIÓN: | B5: =VLOOKUP(H4,'PRESUPUESTO DE OBRA'!A:E,2,0) -> Cerramiento con tela verde y soportes de guadua cada 2 metros | G5: UNIDAD: | H5: =VLOOKUP(H4,'PRESUPUESTO DE OBRA'!A:E,3,0) -> ml
A6: I.EQUIPO
A7: Descripción | D7: Tipo | E7: Tarifa/Hora | F7: Rendimiento | G7: Valor-Unit.
A8: HERRAMIENTA MENOR | G8: =+H31*0.05 -> 309.03166
G11: Sub-Total | H11: =SUM(G8:G10) -> 309.03166
A12: II. MATERIALES EN OBRA
A13: Descripción | D13: Unidad | E13: Precio-Unit. | F13: Cantidad | G13: Valor-Unit.
A14: YUTE VERDE H2M | D14: ='BASE DE DATOS'!B25 -> ml | E14: =+'BASE DE DATOS'!D29 -> 3682 | F14: 1.9057436 | G14: =+F14*E14 -> 7016.9481
A15: CEPA DE GUADUA | D15: UN | E15: =+'BASE DE DATOS'!D90 -> 16585 | F15: 0.4 | G15: =+F15*E15 -> 6634
G17: Sub-Total | H17: =SUM(G14:G16) -> 13650.948
A18: III.TRANSPORTES
A19: Material | C19: Vol-Peso ó Cant. | D19: Distancia | E19: M3-KM | F19: Tarifa | G19: Valor-Unit.
G23: Sub-Total | H23: =SUM(G20:G22) -> 0
A24: IV. MANO DE OBRA
A25: Trabajador | C25: Jornal | D25: Prestaciones | E25: Jornal Total | F25: Rendimiento | G25: Valor-Unit.
A26: OBRERO (2) | C26: =+'BASE DE DATOS'!$D$3*2 -> 116728 | D26: =+'ANALISIS M.O'!$F$2 -> 1.7733266 | E26: =+D26*C26 -> 206996.87 | F26: 63.632952 | G26: =+E26/F26 -> 3252.9824
A27: OFICIAL (1) | C27: =+'BASE DE DATOS'!$D$5 -> 105054 | D27: =+'ANALISIS M.O'!$F$2 -> 1.7733266 | E27: =+D27*C27 -> 186295.06 | F27: =+F26 -> 63.632952 | G27: =+E27/F27 -> 2927.6507
G31: Sub-Total | H31: =SUM(G26:G30) -> 6180.6331
E33: Total Costo Directo | H33: =ROUND((+H11+H17+H23+H31),4) -> 20140.613
A35: V. AU
A36: Descripción | D36: PORCENTAJE | E36: Tarifa/Hora | F36: Rendimiento | G36: Valor-Unit.
A37: ADMINISTRACIÓN | D37: =+'1 localizacion'!$D$37 -> 0.32 | G37: =$H$33*D37 -> 6444.9961
A38: UTILIDADES | D38: 0.05 | G38: =$H$33*D38 -> 1007.0306
G39: Sub-Total | H39: =SUM(G37:G38) -> 7452.0267
E42: Total Costo | H42: =ROUND(H39+H33,0) -> 27593

Sheet 3 señal 
A1: FORMATO DE ANALISIS DE PRECIOS UNITARIOS-APU
A2: REPUBLICA DE COLOMBIA | E2: ANALISIS DE PRECIOS UNITARIOS
A4: OBJETO: | B4: =+'PRESUPUESTO DE OBRA'!A2 -> CONSTRUCCIÓN DE PAVIMENTO RÍGIDO EN LA CALLE 4 ENTRE CARRERAS 7 Y 8 SECTOR LA CÁRCEL DEL MUNICIPIO DE AGUADAS, CALDAS | G4: ITEM: | H4: 3
A5: DESCRIPCIÓN: | B5: =VLOOKUP(H4,'PRESUPUESTO DE OBRA'!A:E,2,0) -> Señal preventiva y reglamentaria | G5: UNIDAD: | H5: =VLOOKUP(H4,'PRESUPUESTO DE OBRA'!A:E,3,0) -> und
A6: I.EQUIPO
A7: Descripción | D7: Tipo | E7: Tarifa/Hora | F7: Rendimiento | G7: Valor-Unit.
A8: HERRAMIENTA MENOR | G8: =+H31*0.05 -> 1573.209
G11: Sub-Total | H11: =SUM(G8:G10) -> 1573.209
A12: II. MATERIALES EN OBRA
A13: Descripción | D13: Unidad | E13: Precio-Unit. | F13: Cantidad | G13: Valor-Unit.
A14: Señal preventiva | D14: Unidad | E14: =+'BASE DE DATOS'!$D$62 -> 178661 | F14: 1 | G14: =+F14*E14 -> 178661
G17: Sub-Total | H17: =SUM(G14:G16) -> 178661
A18: III.TRANSPORTES
A19: Material | C19: Vol-Peso ó Cant. | D19: Distancia | E19: M3-KM | F19: Tarifa | G19: Valor-Unit.
G23: Sub-Total | H23: =SUM(G20:G22) -> 0
A24: IV. MANO DE OBRA
A25: Trabajador | C25: Jornal | D25: Prestaciones | E25: Jornal Total | F25: Rendimiento | G25: Valor-Unit.
A26: OBRERO (2) | C26: =+'BASE DE DATOS'!$D$3*2 -> 116728 | D26: =+'ANALISIS M.O'!$F$2 -> 1.7733266 | E26: =+D26*C26 -> 206996.87 | F26: 12.499672 | G26: =+E26/F26 -> 16560.185
A27: OFICIAL (1) | C27: =+'BASE DE DATOS'!$D$5 -> 105054 | D27: =+'ANALISIS M.O'!$F$2 -> 1.7733266 | E27: =+D27*C27 -> 186295.06 | F27: =+F26 -> 12.499672 | G27: =+E27/F27 -> 14903.996
G31: Sub-Total | H31: =SUM(G26:G30) -> 31464.181
E33: Total Costo Directo | H33: =ROUND((+H11+H17+H23+H31),4) -> 211698.39
A35: V. AU
A36: Descripción | D36: PORCENTAJE | E36: Tarifa/Hora | F36: Rendimiento | G36: Valor-Unit.
A37: ADMINISTRACIÓN | D37: =+'1 localizacion'!$D$37 -> 0.32 | G37: =$H$33*D37 -> 67743.485
A38: UTILIDADES | D38: 0.05 | G38: =$H$33*D38 -> 10584.919
G39: Sub-Total | H39: =SUM(G37:G38) -> 78328.404
E42: Total Costo | H42: =ROUND(H39+H33,0) -> 290027

Sheet 4 Valla
A1: FORMATO DE ANALISIS DE PRECIOS UNITARIOS-APU
A2: REPUBLICA DE COLOMBIA | E2: ANALISIS DE PRECIOS UNITARIOS
A4: OBJETO: | B4: =+'PRESUPUESTO DE OBRA'!A2 -> CONSTRUCCIÓN DE PAVIMENTO RÍGIDO EN LA CALLE 4 ENTRE CARRERAS 7 Y 8 SECTOR LA CÁRCEL DEL MUNICIPIO DE AGUADAS, CALDAS | G4: ITEM: | H4: 4
A5: DESCRIPCIÓN: | B5: =VLOOKUP(H4,'PRESUPUESTO DE OBRA'!A:E,2,0) -> Instalacion de valla institucional 2x4 | G5: UNIDAD: | H5: =VLOOKUP(H4,'PRESUPUESTO DE OBRA'!A:E,3,0) -> und
A6: I.EQUIPO
A7: Descripción | D7: Tipo | E7: Tarifa/Hora | F7: Rendimiento | G7: Valor-Unit.
A8: HERRAMIENTA MENOR | G8: =+H31*0.05 -> 11399.09
G11: Sub-Total | H11: =SUM(G8:G10) -> 11399.09
A12: II. MATERIALES EN OBRA
A13: Descripción | D13: Unidad | E13: Precio-Unit. | F13: Cantidad | G13: Valor-Unit.
A14: Valla institucional 2x4 | D14: Unidad | E14: =+'BASE DE DATOS'!D63 -> 818322 | F14: 1 | G14: =+F14*E14 -> 818322
A15: CEPA DE GUADUA | D15: UN | E15: =+'BASE DE DATOS'!D90 -> 16585 | F15: 2 | G15: =+F15*E15 -> 33170
G17: Sub-Total | H17: =SUM(G14:G16) -> 851492
A18: III.TRANSPORTES
A19: Material | C19: Vol-Peso ó Cant. | D19: Distancia | E19: M3-KM | F19: Tarifa | G19: Valor-Unit.
G23: Sub-Total | H23: =SUM(G20:G22) -> 0
A24: IV. MANO DE OBRA
A25: Trabajador | C25: Jornal | D25: Prestaciones | E25: Jornal Total | F25: Rendimiento | G25: Valor-Unit.
A26: OBRERO (2) | C26: =+'BASE DE DATOS'!$D$3*2 -> 116728 | D26: =+'ANALISIS M.O'!$F$2 -> 1.7733266 | E26: =+D26*C26 -> 206996.87 | F26: 1.7251024 | G26: =+E26/F26 -> 119991.07
A27: OFICIAL (1) | C27: =+'BASE DE DATOS'!$D$5 -> 105054 | D27: =+'ANALISIS M.O'!$F$2 -> 1.7733266 | E27: =+D27*C27 -> 186295.06 | F27: =+F26 -> 1.7251024 | G27: =+E27/F27 -> 107990.73
G31: Sub-Total | H31: =SUM(G26:G30) -> 227981.79
E33: Total Costo Directo | H33: =ROUND((+H11+H17+H23+H31),4) -> 1090872.9
A35: V. AU
A36: Descripción | D36: PORCENTAJE | E36: Tarifa/Hora | F36: Rendimiento | G36: Valor-Unit.
A37: ADMINISTRACIÓN | D37: =+'1 localizacion'!$D$37 -> 0.32 | G37: =$H$33*D37 -> 349079.32
A38: UTILIDADES | D38: 0.05 | G38: =$H$33*D38 -> 54543.644
G39: Sub-Total | H39: =SUM(G37:G38) -> 403622.97
E42: Total Costo | H42: =ROUND(H39+H33,0) -> 1494496

Sheet 5 corte
A1: FORMATO DE ANALISIS DE PRECIOS UNITARIOS-APU
A2: REPUBLICA DE COLOMBIA | E2: ANALISIS DE PRECIOS UNITARIOS
A4: OBJETO: | B4: =+'PRESUPUESTO DE OBRA'!A2 -> CONSTRUCCIÓN DE PAVIMENTO RÍGIDO EN LA CALLE 4 ENTRE CARRERAS 7 Y 8 SECTOR LA CÁRCEL DEL MUNICIPIO DE AGUADAS, CALDAS | G4: ITEM: | H4: 5
A5: DESCRIPCIÓN: | B5: =VLOOKUP(H4,'PRESUPUESTO DE OBRA'!A:E,2,0) -> Corte con disco abrasivo | G5: UNIDAD: | H5: =VLOOKUP(H4,'PRESUPUESTO DE OBRA'!A:E,3,0) -> ml
A6: I.EQUIPO
A7: Descripción | D7: Tipo | E7: Tarifa/Hora | F7: Rendimiento | G7: Valor-Unit.
A8: HERRAMIENTA MENOR | G8: =+H31*0.05 -> 328.18286
A9: EQUIPO DE CORTE | E9: =+'BASE DE DATOS'!D83 -> 9951 | F9: 3 | G9: =+E9/F9 -> 3317
G11: Sub-Total | H11: =SUM(G8:G10) -> 3645.1829
A12: II. MATERIALES EN OBRA
A13: Descripción | D13: Unidad | E13: Precio-Unit. | F13: Cantidad | G13: Valor-Unit.
A14: AGUA | D14: M3 | E14: =+'BASE DE DATOS'!D31 -> 110 | F14: 10 | G14: =+F14*E14 -> 1100
G17: Sub-Total | H17: =SUM(G14:G16) -> 1100
A18: III.TRANSPORTES
A19: Material | C19: Vol-Peso ó Cant. | D19: Distancia | E19: M3-KM | F19: Tarifa | G19: Valor-Unit.
G23: Sub-Total | H23: =SUM(G20:G22) -> 0
A24: IV. MANO DE OBRA
A25: Trabajador | C25: Jornal | D25: Prestaciones | E25: Jornal Total | F25: Rendimiento | G25: Valor-Unit.
A26: AYUDANTE PRACTICO | C26: =+'BASE DE DATOS'!$D$4 -> 81709 | D26: =+'ANALISIS M.O'!$F$2 -> 1.7733266 | E26: =+D26*C26 -> 144896.75 | F26: 37.844021 | G26: =+E26/F26 -> 3828.7884
A27: OBREROS (1) | C27: =+'BASE DE DATOS'!$D$3 -> 58364 | D27: =+'ANALISIS M.O'!$F$2 -> 1.7733266 | E27: =+D27*C27 -> 103498.44 | F27: =+F26 -> 37.844021 | G27: =+E27/F27 -> 2734.8689
G31: Sub-Total | H31: =SUM(G26:G30) -> 6563.6573
E33: Total Costo Directo | H33: =ROUND((+H11+H17+H23+H31),4) -> 11308.84
A35: V. AU
A36: Descripción | D36: PORCENTAJE | E36: Tarifa/Hora | F36: Rendimiento | G36: Valor-Unit.
A37: ADMINISTRACIÓN | D37: =+'1 localizacion'!$D$37 -> 0.32 | G37: =$H$33*D37 -> 3618.8288
A38: UTILIDADES | D38: 0.05 | G38: =$H$33*D38 -> 565.442
G39: Sub-Total | H39: =SUM(G37:G38) -> 4184.2708
E42: Total Costo | H42: =ROUND(H39+H33,0) -> 15493

Sheet 6 demoliciones
A1: FORMATO DE ANALISIS DE PRECIOS UNITARIOS-APU
A2: REPUBLICA DE COLOMBIA | E2: ANALISIS DE PRECIOS UNITARIOS
A4: OBJETO: | B4: =+'PRESUPUESTO DE OBRA'!A2 -> CONSTRUCCIÓN DE PAVIMENTO RÍGIDO EN LA CALLE 4 ENTRE CARRERAS 7 Y 8 SECTOR LA CÁRCEL DEL MUNICIPIO DE AGUADAS, CALDAS | G4: ITEM: | H4: 6
A5: DESCRIPCIÓN: | B5: =VLOOKUP(H4,'PRESUPUESTO DE OBRA'!A:E,2,0) -> Demolicion de estructuras en concreto hidraulico Incluye andenes, graderia y cañuelas | G5: UNIDAD: | H5: =VLOOKUP(H4,'PRESUPUESTO DE OBRA'!A:E,3,0) -> m³
A6: I.EQUIPO
A7: Descripción | D7: Tipo | E7: Tarifa/Hora | F7: Rendimiento | G7: Valor-Unit.
A8: COMPRESOR 120 HP, CON MARTILLO (INCLUYE TRANSPORTE DEL EQUIPO | E8: =+'BASE DE DATOS'!D71 -> 199017 | F8: 2.4 | G8: =+E8/F8 -> 82923.75
A9: HERRAMIENTA MENOR (5%MO) | G9: =+H31*0.05 -> 1825.9187
G11: Sub-Total | H11: =SUM(G8:G10) -> 84749.669
A12: II. MATERIALES EN OBRA
A13: Descripción | D13: Unidad | E13: Precio-Unit. | F13: Cantidad | G13: Valor-Unit.
G17: Sub-Total | H17: =SUM(G14:G16) -> 0
A18: III.TRANSPORTES
A19: Material | C19: Vol-Peso ó Cant. | D19: Distancia | E19: M3-KM | F19: Tarifa | G19: Valor-Unit.
G23: Sub-Total | H23: =SUM(G20:G22) -> 0
A24: IV. MANO DE OBRA
A25: Trabajador | C25: Jornal | D25: Prestaciones | E25: Jornal Total | F25: Rendimiento | G25: Valor-Unit.
A26: OPERADOR DEL COMPRESOR | C26: =+'BASE DE DATOS'!$D$11 -> 116727 | D26: =+'ANALISIS M.O'!$F$2 -> 1.7733266 | E26: =+D26*C26 -> 206995.1 | F26: 11.336539 | G26: =+E26/F26 -> 18259.109
A27: OBREROS (2) | C27: =+'BASE DE DATOS'!$D$3*2 -> 116728 | D27: =+'ANALISIS M.O'!$F$2 -> 1.7733266 | E27: =+C27*D27 -> 206996.87 | F27: =+F26 -> 11.336539 | G27: =+E27/F27 -> 18259.266
G31: Sub-Total | H31: =SUM(G26:G30) -> 36518.375
E33: Total Costo Directo | H33: =ROUND((+H11+H17+H23+H31),4) -> 121268.04
A35: V. AU
A36: Descripción | D36: PORCENTAJE | E36: Tarifa/Hora | F36: Rendimiento | G36: Valor-Unit.
A37: ADMINISTRACIÓN | D37: =+'1 localizacion'!$D$37 -> 0.32 | G37: =$H$33*D37 -> 38805.774
A38: UTILIDADES | D38: 0.05 | G38: =$H$33*D38 -> 6063.4022
G39: Sub-Total | H39: =SUM(G37:G38) -> 44869.176
E42: Total Costo | H42: =ROUND(H39+H33,0) -> 166137

Sheet 7 excavación comun 
A1: FORMATO DE ANALISIS DE PRECIOS UNITARIOS-APU
A2: REPUBLICA DE COLOMBIA | E2: ANALISIS DE PRECIOS UNITARIOS
A4: OBJETO: | B4: =+'PRESUPUESTO DE OBRA'!A2 -> CONSTRUCCIÓN DE PAVIMENTO RÍGIDO EN LA CALLE 4 ENTRE CARRERAS 7 Y 8 SECTOR LA CÁRCEL DEL MUNICIPIO DE AGUADAS, CALDAS | G4: ITEM: | H4: 7
A5: DESCRIPCIÓN: | B5: =VLOOKUP(H4,'PRESUPUESTO DE OBRA'!A:E,2,0) -> En material común | G5: UNIDAD: | H5: =VLOOKUP(H4,'PRESUPUESTO DE OBRA'!A:E,3,0) -> m³
A6: I.EQUIPO
A7: Descripción | D7: Tipo | E7: Tarifa/Hora | F7: Rendimiento | G7: Valor-Unit.
A9: HERRAMIENTA MENOR (5%MO) | G9: =+H31*0.05 -> 2011.8971
G11: Sub-Total | H11: =SUM(G8:G10) -> 2011.8971
A12: II. MATERIALES EN OBRA
A13: Descripción | D13: Unidad | E13: Precio-Unit. | F13: Cantidad | G13: Valor-Unit.
G17: Sub-Total | H17: =SUM(G14:G16) -> 0
A18: III.TRANSPORTES
A19: Material | C19: Vol-Peso ó Cant. | D19: Distancia | E19: M3-KM | F19: Tarifa | G19: Valor-Unit.
G23: Sub-Total | H23: =SUM(G20:G22) -> 0
A24: IV. MANO DE OBRA
A25: Trabajador | C25: Jornal | D25: Prestaciones | E25: Jornal Total | F25: Rendimiento | G25: Valor-Unit.
A26: OBREROS (4) | C26: =+'BASE DE DATOS'!$D$3*4 -> 233456 | D26: =+'ANALISIS M.O'!$F$2 -> 1.7733266 | E26: =+D26*C26 -> 413993.74 | F26: 14.918477 | G26: =+E26/F26 -> 27750.403
A27: OFICIAL (1) | C27: =+'BASE DE DATOS'!$D$5 -> 105054 | D27: =+'ANALISIS M.O'!$F$2 -> 1.7733266 | E27: =+D27*C27 -> 186295.06 | F27: =+F26 -> 14.918477 | G27: =+E27/F27 -> 12487.539
G31: Sub-Total | H31: =SUM(G26:G30) -> 40237.941
E33: Total Costo Directo | H33: =ROUND((+H11+H17+H23+H31),4) -> 42249.838
A35: V. AU
A36: Descripción | D36: PORCENTAJE | E36: Tarifa/Hora | F36: Rendimiento | G36: Valor-Unit.
A37: ADMINISTRACIÓN | D37: =+'1 localizacion'!$D$37 -> 0.32 | G37: =$H$33*D37 -> 13519.948
A38: UTILIDADES | D38: 0.05 | G38: =$H$33*D38 -> 2112.4919
G39: Sub-Total | H39: =SUM(G37:G38) -> 15632.44
E42: Total Costo | H42: =ROUND(H39+H33,0) -> 57882

Sheet 8 excavación conglomerado
A1: FORMATO DE ANALISIS DE PRECIOS UNITARIOS-APU
A2: REPUBLICA DE COLOMBIA | E2: ANALISIS DE PRECIOS UNITARIOS
A4: OBJETO: | B4: =+'PRESUPUESTO DE OBRA'!A2 -> CONSTRUCCIÓN DE PAVIMENTO RÍGIDO EN LA CALLE 4 ENTRE CARRERAS 7 Y 8 SECTOR LA CÁRCEL DEL MUNICIPIO DE AGUADAS, CALDAS | G4: ITEM: | H4: 8
A5: DESCRIPCIÓN: | B5: =VLOOKUP(H4,'PRESUPUESTO DE OBRA'!A:E,2,0) -> En conglomerado | G5: UNIDAD: | H5: =VLOOKUP(H4,'PRESUPUESTO DE OBRA'!A:E,3,0) -> m³
A6: I.EQUIPO
A7: Descripción | D7: Tipo | E7: Tarifa/Hora | F7: Rendimiento | G7: Valor-Unit.
A9: HERRAMIENTA MENOR (5%MO) | G9: =+H31*0.05 -> 2226.3911
G11: Sub-Total | H11: =SUM(G8:G10) -> 2226.3911
A12: II. MATERIALES EN OBRA
A13: Descripción | D13: Unidad | E13: Precio-Unit. | F13: Cantidad | G13: Valor-Unit.
G17: Sub-Total | H17: =SUM(G14:G16) -> 0
A18: III.TRANSPORTES
A19: Material | C19: Vol-Peso ó Cant. | D19: Distancia | E19: M3-KM | F19: Tarifa | G19: Valor-Unit.
G23: Sub-Total | H23: =SUM(G20:G22) -> 0
A24: IV. MANO DE OBRA
A25: Trabajador | C25: Jornal | D25: Prestaciones | E25: Jornal Total | F25: Rendimiento | G25: Valor-Unit.
A26: OBREROS (4) | C26: =+'BASE DE DATOS'!$D$3*4 -> 233456 | D26: =+'ANALISIS M.O'!$F$2 -> 1.7733266 | E26: =+D26*C26 -> 413993.74 | F26: 13.481207 | G26: =+E26/F26 -> 30708.952
A27: OFICIAL (1) | C27: =+'BASE DE DATOS'!$D$5 -> 105054 | D27: =+'ANALISIS M.O'!$F$2 -> 1.7733266 | E27: =+D27*C27 -> 186295.06 | F27: =+F26 -> 13.481207 | G27: =+E27/F27 -> 13818.87
G31: Sub-Total | H31: =SUM(G26:G30) -> 44527.822
E33: Total Costo Directo | H33: =ROUND((+H11+H17+H23+H31),4) -> 46754.213
A35: V. AU
A36: Descripción | D36: PORCENTAJE | E36: Tarifa/Hora | F36: Rendimiento | G36: Valor-Unit.
A37: ADMINISTRACIÓN | D37: =+'1 localizacion'!$D$37 -> 0.32 | G37: =$H$33*D37 -> 14961.348
A38: UTILIDADES | D38: 0.05 | G38: =$H$33*D38 -> 2337.7107
G39: Sub-Total | H39: =SUM(G37:G38) -> 17299.059
E42: Total Costo | H42: =ROUND(H39+H33,0) -> 64053

Sheet 9 retiro 
A1: FORMATO DE ANALISIS DE PRECIOS UNITARIOS-APU
A2: REPUBLICA DE COLOMBIA | E2: ANALISIS DE PRECIOS UNITARIOS
A4: OBJETO: | B4: =+'PRESUPUESTO DE OBRA'!A2 -> CONSTRUCCIÓN DE PAVIMENTO RÍGIDO EN LA CALLE 4 ENTRE CARRERAS 7 Y 8 SECTOR LA CÁRCEL DEL MUNICIPIO DE AGUADAS, CALDAS | G4: ITEM: | H4: 10
A5: DESCRIPCIÓN: | B5: =VLOOKUP(H4,'PRESUPUESTO DE OBRA'!A:E,2,0) -> Arena para base y atraque | G5: UNIDAD: | H5: =VLOOKUP(H4,'PRESUPUESTO DE OBRA'!A:E,3,0) -> m³
A6: I.EQUIPO
A7: Descripción | D7: Tipo | E7: Tarifa/Hora | F7: Rendimiento | G7: Valor-Unit.
A8: HERRAMIENTA MENOR | G8: =+H31*0.05 -> 375.59868
A9: CARGADOR : POTENCIA EN EL VOLANTE 125 HP, CLASIFICACIÓN DE RPM DEL MOTOR 2300.(INCLUYE OPERADOR Y TRANSPORTE DEL EQUIPO) | E9: =+'BASE DE DATOS'!D75 -> 138207 | F9: 30 | G9: =+E9/F9 -> 4606.9
A10: VOLQUE Y DISPOSICIÓN FINAL DE MATERIAL | E10: =+'BASE DE DATOS'!D64 -> 219596 | F10: 6 | G10: =+E10/F10 -> 36599.333
G11: Sub-Total | H11: =SUM(G8:G10) -> 41581.832
A12: II. MATERIALES EN OBRA
A13: Descripción | D13: Unidad | E13: Precio-Unit. | F13: Cantidad | G13: Valor-Unit.
G17: Sub-Total | H17: =SUM(G14:G16) -> 0
A18: III.TRANSPORTES
A19: Material | C19: Vol-Peso ó Cant. | D19: Distancia | E19: M3-KM | F19: Tarifa | G19: Valor-Unit.
G23: Sub-Total | H23: =SUM(G20:G22) -> 0
A24: IV. MANO DE OBRA
A25: Trabajador | C25: Jornal | D25: Prestaciones | E25: Jornal Total | F25: Rendimiento | G25: Valor-Unit.
A26: OBRERO | C26: =+'BASE DE DATOS'!$D$3 -> 58364 | D26: =+'ANALISIS M.O'!$F$2 -> 1.7733266 | E26: =+D26*C26 -> 103498.44 | F26: 13.777796 | G26: =+E26/F26 -> 7511.9736
G31: Sub-Total | H31: =SUM(G26:G30) -> 7511.9736
E33: Total Costo Directo | H33: =ROUND((+H11+H17+H23+H31),4) -> 49093.806
A35: V. AU
A36: Descripción | D36: PORCENTAJE | E36: Tarifa/Hora | F36: Rendimiento | G36: Valor-Unit.
A37: ADMINISTRACIÓN | D37: =+'1 localizacion'!$D$37 -> 0.32 | G37: =$H$33*D37 -> 15710.018
A38: UTILIDADES | D38: 0.05 | G38: =$H$33*D38 -> 2454.6903
G39: Sub-Total | H39: =SUM(G37:G38) -> 18164.708
E42: Total Costo | H42: =ROUND(H39+H33,0) -> 67259

Sheet 10 Arena
A1: FORMATO DE ANALISIS DE PRECIOS UNITARIOS-APU
A2: REPUBLICA DE COLOMBIA | E2: ANALISIS DE PRECIOS UNITARIOS
A4: OBJETO: | B4: =+'PRESUPUESTO DE OBRA'!A2 -> CONSTRUCCIÓN DE PAVIMENTO RÍGIDO EN LA CALLE 4 ENTRE CARRERAS 7 Y 8 SECTOR LA CÁRCEL DEL MUNICIPIO DE AGUADAS, CALDAS | G4: ITEM: | H4: 10
A5: DESCRIPCIÓN: | B5: =VLOOKUP(H4,'PRESUPUESTO DE OBRA'!A:E,2,0) -> Arena para base y atraque | G5: UNIDAD: | H5: =VLOOKUP(H4,'PRESUPUESTO DE OBRA'!A:E,3,0) -> m³
A6: I.EQUIPO
A7: Descripción | D7: Tipo | E7: Tarifa/Hora | F7: Rendimiento | G7: Valor-Unit.
A8: HERRAMIENTA MENOR | G8: =+H31*0.05 -> 1480.8629
G11: Sub-Total | H11: =SUM(G8:G10) -> 1480.8629
A12: II. MATERIALES EN OBRA
A13: Descripción | D13: Unidad | E13: Precio-Unit. | F13: Cantidad | G13: Valor-Unit.
A14: ARENA | D14: M3 | E14: =+'BASE DE DATOS'!D36 -> 99509 | F14: 1.35 | G14: =+F14*E14 -> 134337.15
G17: Sub-Total | H17: =SUM(G14:G16) -> 134337.15
A18: III.TRANSPORTES
A19: Material | C19: Vol-Peso ó Cant. | D19: Distancia | E19: M3-KM | F19: Tarifa | G19: Valor-Unit.
G23: Sub-Total | H23: =SUM(G20:G22) -> 0
A24: IV. MANO DE OBRA
A25: Trabajador | C25: Jornal | D25: Prestaciones | E25: Jornal Total | F25: Rendimiento | G25: Valor-Unit.
A26: OBREROS (2) | C26: =+'BASE DE DATOS'!$D$3*2 -> 116728 | D26: =+'ANALISIS M.O'!$F$2 -> 1.7733266 | E26: =+D26*C26 -> 206996.87 | F26: 13.279147 | G26: =+E26/F26 -> 15588.115
A27: OFICIAL (1) | C27: =+'BASE DE DATOS'!$D$5 -> 105054 | D27: =+'ANALISIS M.O'!$F$2 -> 1.7733266 | E27: =+D27*C27 -> 186295.06 | F27: =+F26 -> 13.279147 | G27: =+E27/F27 -> 14029.143
G31: Sub-Total | H31: =SUM(G26:G30) -> 29617.258
E33: Total Costo Directo | H33: =ROUND((+H11+H17+H23+H31),4) -> 165435.27
A35: V. AU
A36: Descripción | D36: PORCENTAJE | E36: Tarifa/Hora | F36: Rendimiento | G36: Valor-Unit.
A37: ADMINISTRACIÓN | D37: 0.32 | G37: =$H$33*D37 -> 52939.287
A38: UTILIDADES | D38: 0.05 | G38: =$H$33*D38 -> 8271.7636
G39: Sub-Total | H39: =SUM(G37:G38) -> 61211.05
E42: Total Costo | H42: =ROUND(H39+H33,0) -> 226646

Sheet 11 lleno 
A1: FORMATO DE ANALISIS DE PRECIOS UNITARIOS-APU
A2: REPUBLICA DE COLOMBIA | E2: ANALISIS DE PRECIOS UNITARIOS
A4: OBJETO: | B4: =+'PRESUPUESTO DE OBRA'!A2 -> CONSTRUCCIÓN DE PAVIMENTO RÍGIDO EN LA CALLE 4 ENTRE CARRERAS 7 Y 8 SECTOR LA CÁRCEL DEL MUNICIPIO DE AGUADAS, CALDAS | G4: ITEM: | H4: 11
A5: DESCRIPCIÓN: | B5: =VLOOKUP(H4,'PRESUPUESTO DE OBRA'!A:E,2,0) -> Lleno compactado con material de la obra | G5: UNIDAD: | H5: =VLOOKUP(H4,'PRESUPUESTO DE OBRA'!A:E,3,0) -> m³
A6: I.EQUIPO
A7: Descripción | D7: Tipo | E7: Tarifa/Hora | F7: Rendimiento | G7: Valor-Unit.
A8: HERRAMIENTA MENOR | G8: =+H31*0.05 -> 480.29673
A9: VIBROCOMPACTADOR, POTENCIA 153 HP, PESO 10 TON. (INCLUYE OPERADOR Y TRANSPORTE DEL EQUIPO) | E9: 157800 | F9: 10 | G9: =+E9/F9 -> 15780
G11: Sub-Total | H11: =SUM(G8:G10) -> 16260.297
A12: II. MATERIALES EN OBRA
A13: Descripción | D13: Unidad | E13: Precio-Unit. | F13: Cantidad | G13: Valor-Unit.
A15: AGUA | D15: LT | E15: =+'BASE DE DATOS'!D31 -> 110 | F15: 80 | G15: =+F15*E15 -> 8800
G17: Sub-Total | H17: =SUM(G14:G16) -> 8800
A18: III.TRANSPORTES
A19: Material | C19: Vol-Peso ó Cant. | D19: Distancia | E19: M3-KM | F19: Tarifa | G19: Valor-Unit.
G23: Sub-Total | H23: =SUM(G20:G22) -> 0
A24: IV. MANO DE OBRA
A25: Trabajador | C25: Jornal | D25: Prestaciones | E25: Jornal Total | F25: Rendimiento | G25: Valor-Unit.
A26: OBREROS (2) | C26: =+'BASE DE DATOS'!$D$3*2 -> 116728 | D26: =+'ANALISIS M.O'!$F$2 -> 1.7733266 | E26: =+D26*C26 -> 206996.87 | F26: 40.942599 | G26: =+E26/F26 -> 5055.7825
A27: OFICIAL (1) | C27: =+'BASE DE DATOS'!$D$5 -> 105054 | D27: =+'ANALISIS M.O'!$F$2 -> 1.7733266 | E27: =+D27*C27 -> 186295.06 | F27: =+F26 -> 40.942599 | G27: =+E27/F27 -> 4550.1522
G31: Sub-Total | H31: =SUM(G26:G30) -> 9605.9347
E33: Total Costo Directo | H33: =ROUND((+H11+H17+H23+H31),4) -> 34666.231
A35: V. AU
A36: Descripción | D36: PORCENTAJE | E36: Tarifa/Hora | F36: Rendimiento | G36: Valor-Unit.
A37: ADMINISTRACIÓN | D37: 0.32 | G37: =$H$33*D37 -> 11093.194
A38: UTILIDADES | D38: 0.05 | G38: =$H$33*D38 -> 1733.3116
G39: Sub-Total | H39: =SUM(G37:G38) -> 12826.506
E42: Total Costo | H42: =ROUND(H39+H33,0) -> 47493

Sheet 12 subbase
A1: FORMATO DE ANALISIS DE PRECIOS UNITARIOS-APU
A2: REPUBLICA DE COLOMBIA | E2: ANALISIS DE PRECIOS UNITARIOS
A4: OBJETO: | B4: =+'PRESUPUESTO DE OBRA'!A2 -> CONSTRUCCIÓN DE PAVIMENTO RÍGIDO EN LA CALLE 4 ENTRE CARRERAS 7 Y 8 SECTOR LA CÁRCEL DEL MUNICIPIO DE AGUADAS, CALDAS | G4: ITEM: | H4: 12
A5: DESCRIPCIÓN: | B5: =VLOOKUP(H4,'PRESUPUESTO DE OBRA'!A:E,2,0) -> Sub base para pavimento compactada | G5: UNIDAD: | H5: =VLOOKUP(H4,'PRESUPUESTO DE OBRA'!A:E,3,0) -> m³
A6: I.EQUIPO
A7: Descripción | D7: Tipo | E7: Tarifa/Hora | F7: Rendimiento | G7: Valor-Unit.
A8: HERRAMIENTA MENOR | G8: =+H31*0.05 -> 1716.5263
A9: VIBROCOMPACTADOR, POTENCIA 153 HP, PESO 10 TON. (INCLUYE OPERADOR Y TRANSPORTE DEL EQUIPO) | E9: 157800 | F9: 6.5 | G9: =+E9/F9 -> 24276.923
G11: Sub-Total | H11: =SUM(G8:G10) -> 25993.449
A12: II. MATERIALES EN OBRA
A13: Descripción | D13: Unidad | E13: Precio-Unit. | F13: Cantidad | G13: Valor-Unit.
A14: MATERIAL DE subBASE GRANULAR | D14: M3 | E14: =+'BASE DE DATOS'!D33 -> 93980 | F14: 1.32 | G14: =+F14*E14 -> 124053.6
A15: AGUA | D15: LT | E15: 105 | F15: 80 | G15: =+F15*E15 -> 8400
G17: Sub-Total | H17: =SUM(G14:G16) -> 132453.6
A18: III.TRANSPORTES
A19: Material | C19: Vol-Peso ó Cant. | D19: Distancia | E19: M3-KM | F19: Tarifa | G19: Valor-Unit.
G23: Sub-Total | H23: =SUM(G20:G22) -> 0
A24: IV. MANO DE OBRA
A25: Trabajador | C25: Jornal | D25: Prestaciones | E25: Jornal Total | F25: Rendimiento | G25: Valor-Unit.
A26: OBRERO (2) | C26: =+'BASE DE DATOS'!$D$3*2 -> 116728 | D26: =+'ANALISIS M.O'!$F$2 -> 1.7733266 | E26: =+D26*C26 -> 206996.87 | F26: 11.456041 | G26: =+E26/F26 -> 18068.796
A27: OFICIAL (1) | C27: =+'BASE DE DATOS'!$D$5 -> 105054 | D27: =+'ANALISIS M.O'!$F$2 -> 1.7733266 | E27: =+D27*C27 -> 186295.06 | F27: =+F26 -> 11.456041 | G27: =+E27/F27 -> 16261.73
G31: Sub-Total | H31: =SUM(G26:G30) -> 34330.526
E33: Total Costo Directo | H33: =ROUND((+H11+H17+H23+H31),4) -> 192777.58
A35: V. AU
A36: Descripción | D36: PORCENTAJE | E36: Tarifa/Hora | F36: Rendimiento | G36: Valor-Unit.
A37: ADMINISTRACIÓN | D37: =+'1 localizacion'!$D$37 -> 0.32 | G37: =$H$33*D37 -> 61688.824
A38: UTILIDADES | D38: 0.05 | G38: =$H$33*D38 -> 9638.8788
G39: Sub-Total | H39: =SUM(G37:G38) -> 71327.703
E42: Total Costo | H42: =ROUND(H39+H33,0) -> 264105

Sheet 13 Afirmado
A1: FORMATO DE ANALISIS DE PRECIOS UNITARIOS-APU
A2: REPUBLICA DE COLOMBIA | E2: ANALISIS DE PRECIOS UNITARIOS
A4: OBJETO: | B4: =+'PRESUPUESTO DE OBRA'!A2 -> CONSTRUCCIÓN DE PAVIMENTO RÍGIDO EN LA CALLE 4 ENTRE CARRERAS 7 Y 8 SECTOR LA CÁRCEL DEL MUNICIPIO DE AGUADAS, CALDAS | G4: ITEM: | H4: 13
A5: DESCRIPCIÓN: | B5: =VLOOKUP(H4,'PRESUPUESTO DE OBRA'!A:E,2,0) -> Afirmado compactado | G5: UNIDAD: | H5: =VLOOKUP(H4,'PRESUPUESTO DE OBRA'!A:E,3,0) -> m³
A6: I.EQUIPO
A7: Descripción | D7: Tipo | E7: Tarifa/Hora | F7: Rendimiento | G7: Valor-Unit.
A8: HERRAMIENTA MENOR | G8: =+H31*0.05 -> 1755.6971
A9: VIBROCOMPACTADOR, POTENCIA 153 HP, PESO 10 TON. (INCLUYE OPERADOR Y TRANSPORTE DEL EQUIPO) | E9: =+'BASE DE DATOS'!D73 -> 165848 | F9: 10 | G9: =+E9/F9 -> 16584.8
G11: Sub-Total | H11: =SUM(G8:G10) -> 18340.497
A12: II. MATERIALES EN OBRA
A13: Descripción | D13: Unidad | E13: Precio-Unit. | F13: Cantidad | G13: Valor-Unit.
A14: MATERIAL DE Afirmado | D14: M3 | E14: =+'BASE DE DATOS'!D34 -> 60811 | F14: 1.32 | G14: =+F14*E14 -> 80270.52
A15: AGUA | D15: LT | E15: =+'BASE DE DATOS'!D31 -> 110 | F15: 80 | G15: =+F15*E15 -> 8800
G17: Sub-Total | H17: =SUM(G14:G16) -> 89070.52
A18: III.TRANSPORTES
A19: Material | C19: Vol-Peso ó Cant. | D19: Distancia | E19: M3-KM | F19: Tarifa | G19: Valor-Unit.
G23: Sub-Total | H23: =SUM(G20:G22) -> 0
A24: IV. MANO DE OBRA
A25: Trabajador | C25: Jornal | D25: Prestaciones | E25: Jornal Total | F25: Rendimiento | G25: Valor-Unit.
A26: OBREROS (2) | C26: =+'BASE DE DATOS'!$D$3*2 -> 116728 | D26: =+'ANALISIS M.O'!$F$2 -> 1.7733266 | E26: =+D26*C26 -> 206996.87 | F26: 11.200449 | G26: =+E26/F26 -> 18481.122
A27: OFICIAL (1) | C27: =+'BASE DE DATOS'!$D$5 -> 105054 | D27: =+'ANALISIS M.O'!$F$2 -> 1.7733266 | E27: =+D27*C27 -> 186295.06 | F27: =+F26 -> 11.200449 | G27: =+E27/F27 -> 16632.82
G31: Sub-Total | H31: =SUM(G26:G30) -> 35113.942
E33: Total Costo Directo | H33: =ROUND((+H11+H17+H23+H31),4) -> 142524.96
A35: V. AU
A36: Descripción | D36: PORCENTAJE | E36: Tarifa/Hora | F36: Rendimiento | G36: Valor-Unit.
A37: ADMINISTRACIÓN | D37: =+'1 localizacion'!$D$37 -> 0.32 | G37: =$H$33*D37 -> 45607.987
A38: UTILIDADES | D38: 0.05 | G38: =$H$33*D38 -> 7126.248
G39: Sub-Total | H39: =SUM(G37:G38) -> 52734.235
E42: Total Costo | H42: =ROUND(H39+H33,0) -> 195259

Sheet 14 concreto 21 Mpa
A1: FORMATO DE ANALISIS DE PRECIOS UNITARIOS-APU
A2: REPUBLICA DE COLOMBIA | E2: ANALISIS DE PRECIOS UNITARIOS
A4: OBJETO: | B4: =+'PRESUPUESTO DE OBRA'!A2 -> CONSTRUCCIÓN DE PAVIMENTO RÍGIDO EN LA CALLE 4 ENTRE CARRERAS 7 Y 8 SECTOR LA CÁRCEL DEL MUNICIPIO DE AGUADAS, CALDAS | G4: ITEM: | H4: 14
A5: DESCRIPCIÓN: | B5: =VLOOKUP(H4,'PRESUPUESTO DE OBRA'!A:E,2,0) -> Concreto de 21Mpa para graderías, andenes incluye formaleta | G5: UNIDAD: | H5: =VLOOKUP(H4,'PRESUPUESTO DE OBRA'!A:E,3,0) -> m³
A6: I.EQUIPO
A7: Descripción | D7: Tipo | E7: Tarifa/Hora | F7: Rendimiento | G7: Valor-Unit.
A8: HERRAMIENTA MENOR | D8: GL | G8: =+H32*0.05 -> 12959.376
A9: CONCRETADORA 1 SACO | D9: $/hora | E9: 9994 | F9: 2 | G9: =+E9/F9 -> 4997
A10: VIBRADOR DE CONCRETO | D10: $/hora | E10: 8416 | F10: 2 | G10: =+E10/F10 -> 4208
G11: Sub-Total | H11: =SUM(G8:G10) -> 22164.376
A12: II. MATERIALES EN OBRA
A13: Descripción | D13: Unidad | E13: Precio-Unit. | F13: Cantidad | G13: Valor-Unit.
A14: CEMENTO | D14: KG | E14: 768 | F14: 350 | G14: =+F14*E14 -> 268800
A15: TRITURADO | D15: M3 | E15: 99940 | F15: 0.8 | G15: =E15*F15 -> 79952
A16: ARENA | D16: M3 | E16: 94680 | F16: 0.6 | G16: =E16*F16 -> 56808
A17: AGUA | D17: LT | E17: 105 | F17: 150 | G17: =E17*F17 -> 15750
A18: LISTON EN AMARILLO 8 x.2.2 x3 | D18: ML | E18: 5786 | F18: 1 | G18: =E18*F18 -> 5786
A19: PUNTILLA 2" CON CABEZA | D19: LB | E19: 5786 | F19: 0.2 | G19: =E19*F19 -> 1157.2
A20: ANTISOL BLANCO (presentación 20 Kg) | D20: Kg | E20: 11572 | F20: 1.3 | G20: =E20*F20 -> 15043.6
G21: Sub-Total | H21: =SUM(G14:G20) -> 443296.8
A22: III.TRANSPORTES
A23: Material | C23: Vol-Peso ó Cant. | D23: Distancia | E23: M3-KM | F23: Tarifa | G23: Valor-Unit.
A24: TRITURADO | C24: M3 | D24: 25 | E24: =D24*F15 -> 20 | F24: 2340 | G24: =+F24*E24 -> 46800
A25: ARENA | C25: M3 | D25: 25 | E25: =D25*F16 -> 15 | F25: =+F24 -> 2340 | G25: =+F25*E25 -> 35100
G26: Sub-Total | H26: =SUM(G24:G25) -> 81900
A27: IV. MANO DE OBRA
A28: Trabajador | C28: Jornal | D28: Prestaciones | E28: Jornal Total | F28: Rendimiento | G28: Valor-Unit.
A29: OBREROS (2) | C29: =+'BASE DE DATOS'!$D$3*2 -> 116728 | D29: =+'ANALISIS M.O'!$F$2 -> 1.7733266 | E29: =+D29*C29 -> 206996.87 | F29: 1.517403 | G29: =+E29/F29 -> 136415.22
A30: OFICIAL (1) | C30: =+'BASE DE DATOS'!$D$5 -> 105054 | D30: =+'ANALISIS M.O'!$F$2 -> 1.7733266 | E30: =+D30*C30 -> 186295.06 | F30: =+F29 -> 1.517403 | G30: =+E30/F30 -> 122772.3
G32: Sub-Total | H32: =SUM(G29:G31) -> 259187.52
E34: Total Costo Directo | H34: =ROUND((+H11+H21+H26+H32),4) -> 806548.7
A35: V. AU
A36: Descripción | D36: PORCENTAJE | E36: Tarifa/Hora | F36: Rendimiento | G36: Valor-Unit.
A37: ADMINISTRACIÓN | D37: 0.32 | G37: =$H$34*D37 -> 258095.58
A38: UTILIDADES | D38: 0.05 | G38: =$H$34*D38 -> 40327.435
G39: Sub-Total | H39: =SUM(G37:G38) -> 298423.02
E42: Total Costo | H42: =ROUND(H39+H34,0) -> 1104972

Sheet 15 concreto MR42
A1: FORMATO DE ANALISIS DE PRECIOS UNITARIOS-APU
A2: REPUBLICA DE COLOMBIA | E2: ANALISIS DE PRECIOS UNITARIOS
A4: OBJETO: | B4: =+'PRESUPUESTO DE OBRA'!A2 -> CONSTRUCCIÓN DE PAVIMENTO RÍGIDO EN LA CALLE 4 ENTRE CARRERAS 7 Y 8 SECTOR LA CÁRCEL DEL MUNICIPIO DE AGUADAS, CALDAS | G4: ITEM: | H4: 15
A5: DESCRIPCIÓN: | B5: =VLOOKUP(H4,'PRESUPUESTO DE OBRA'!A:E,2,0) -> Concreto para pavimento 42MR hecho en obra incluye formaleta y acelerante a 7 días | G5: UNIDAD: | H5: =VLOOKUP(H4,'PRESUPUESTO DE OBRA'!A:E,3,0) -> m³
A6: I.EQUIPO
A7: Descripción | D7: Tipo | E7: Tarifa/Hora | F7: Rendimiento | G7: Valor-Unit.
A8: HERRAMIENTA MENOR | D8: GL | G8: =+H35*0.05 -> 20329.701
A9: CONCRETADORA 1 SACO | D9: $/hora | E9: =+'BASE DE DATOS'!D78 -> 10504 | F9: 1 | G9: =+E9/F9 -> 10504
A10: REGLA VIBRATORIA GASOLINA | D10: $/hora | E10: =+'BASE DE DATOS'!D80 -> 15479 | F10: 1 | G10: =+E10/F10 -> 15479
A11: CEPILLO TEXTURIZADOR | D11: $/hora | E11: =+'BASE DE DATOS'!D87 -> 6634 | F11: 1 | G11: =+E11/F11 -> 6634
A12: VIBRADOR DE CONCRETO | D12: $/hora | E12: =+'BASE DE DATOS'!D79 -> 8845 | F12: 1 | G12: =+E12/F12 -> 8845
G13: Sub-Total | H13: =SUM(G8:G12) -> 61791.701
A14: II. MATERIALES EN OBRA
A15: Descripción | D15: Unidad | E15: Precio-Unit. | F15: Cantidad | G15: Valor-Unit.
A16: CEMENTO | D16: KG | E16: =+'BASE DE DATOS'!D35 -> 807 | F16: 500 | G16: =+F16*E16 -> 403500
A17: TRITURADO | D17: M3 | E17: =+'BASE DE DATOS'!D37 -> 105037 | F17: 0.7 | G17: =E17*F17 -> 73525.9
A18: ARENA | D18: M3 | E18: =+'BASE DE DATOS'!D36 -> 99509 | F18: 0.7 | G18: =E18*F18 -> 69656.3
A19: AGUA | D19: LT | E19: =+'BASE DE DATOS'!D31 -> 110 | F19: 150 | G19: =E19*F19 -> 16500
A20: FORMALETA METALICA | D20: UN | E20: =+'BASE DE DATOS'!D81 -> 4976 | F20: 0.3 | G20: =E20*F20 -> 1492.8
A21: LISTON EN AMARILLO 8 x.2.2 x3 | D21: ML | E21: =+'BASE DE DATOS'!D38 -> 6082 | F21: 1 | G21: =E21*F21 -> 6082
A22: PUNTILLA 2" CON CABEZA | D22: LB | E22: =+'BASE DE DATOS'!D39 -> 6082 | F22: 0.2 | G22: =E22*F22 -> 1216.4
A23: ADITIVO ACELERANTE | D23: KG | E23: =+'BASE DE DATOS'!D50 -> 18575 | F23: =2/100*F16 -> 10 | G23: =E23*F23 -> 185750
A24: ANTISOL BLANCO (presentación 20 Kg) | D24: Kg | E24: =+'BASE DE DATOS'!D40 -> 12162 | F24: 1.3 | G24: =E24*F24 -> 15810.6
G25: Sub-Total | H25: =SUM(G16:G24) -> 773534
A26: III.TRANSPORTES
A27: Material | C27: Vol-Peso ó Cant. | D27: Distancia | E27: M3-KM | F27: Tarifa | G27: Valor-Unit.
A28: TRITURADO | C28: M3 | D28: 25 | E28: =D28*F17 -> 17.5 | F28: 2340 | G28: =+F28*E28 -> 40950
A29: ARENA | C29: M3 | D29: 25 | E29: =D29*F18 -> 17.5 | F29: =+F28 -> 2340 | G29: =+F29*E29 -> 40950
G30: Sub-Total | H30: =SUM(G28:G29) -> 81900
A31: IV. MANO DE OBRA
A32: Trabajador | C32: Jornal | D32: Prestaciones | E32: Jornal Total | F32: Rendimiento | G32: Valor-Unit.
A33: OBREROS (2) | C33: =+'BASE DE DATOS'!$D$3*2 -> 116728 | D33: =+'ANALISIS M.O'!$F$2 -> 1.7733266 | E33: =+D33*C33 -> 206996.87 | F33: 0.96728409 | G33: =+E33/F33 -> 213998.01
A34: OFICIAL (1) | C34: =+'BASE DE DATOS'!$D$5 -> 105054 | D34: =+'ANALISIS M.O'!$F$2 -> 1.7733266 | E34: =+D34*C34 -> 186295.06 | F34: =+F33 -> 0.96728409 | G34: =+E34/F34 -> 192596.01
G35: Sub-Total | H35: =SUM(G33:G34) -> 406594.02
E37: Total Costo Directo | H37: =ROUND((+H13+H25+H30+H35),4) -> 1323819.7
A38: V. AU
A39: Descripción | D39: PORCENTAJE | E39: Tarifa/Hora | F39: Rendimiento | G39: Valor-Unit.
A40: ADMINISTRACIÓN | D40: =+'1 localizacion'!$D$37 -> 0.32 | G40: =$H$37*D40 -> 423622.31
A41: UTILIDADES | D41: 0.05 | G41: =$H$37*D41 -> 66190.986
G42: Sub-Total | H42: =SUM(G40:G41) -> 489813.3
E45: Total Costo | H45: =ROUND(H42+H37,0) -> 1813633

Sheet 16 sardinel
A1: FORMATO DE ANALISIS DE PRECIOS UNITARIOS-APU
A2: REPUBLICA DE COLOMBIA | E2: ANALISIS DE PRECIOS UNITARIOS
A4: OBJETO: | B4: =+'PRESUPUESTO DE OBRA'!A2 -> CONSTRUCCIÓN DE PAVIMENTO RÍGIDO EN LA CALLE 4 ENTRE CARRERAS 7 Y 8 SECTOR LA CÁRCEL DEL MUNICIPIO DE AGUADAS, CALDAS | G4: ITEM: | H4: 16
A5: DESCRIPCIÓN: | B5: =VLOOKUP(H4,'PRESUPUESTO DE OBRA'!A:E,2,0) -> Suministro e instalación de bordillo en concreto de 3000 psi, ancho 15cm, altura variable, incluye formaleta | G5: UNIDAD: | H5: =VLOOKUP(H4,'PRESUPUESTO DE OBRA'!A:E,3,0) -> ml
A6: I.EQUIPO
A7: Descripción | D7: Tipo | E7: Tarifa/Hora | F7: Rendimiento | G7: Valor-Unit.
A8: HERRAMIENTA MENOR | D8: GL | G8: =+H34*0.05 -> 1563.2464
A9: CONCRETADORA 1 SACO | D9: $/hora | E9: =+'BASE DE DATOS'!D78 -> 10504 | F9: 2 | G9: =+E9/F9 -> 5252
A10: VIBRADOR DE CONCRETO | D10: $/hora | E10: =+'BASE DE DATOS'!D79 -> 8845 | F10: 2 | G10: =+E10/F10 -> 4422.5
G11: Sub-Total | H11: =SUM(G8:G10) -> 11237.746
A12: II. MATERIALES EN OBRA
A13: Descripción | D13: Unidad | E13: Precio-Unit. | F13: Cantidad | G13: Valor-Unit.
A14: CEMENTO | D14: KG | E14: =+'BASE DE DATOS'!D35 -> 807 | F14: =L14*7 -> 0.2205 | G14: =+F14*E14 -> 177.9435 | L14: =0.15*0.2*1.05 -> 0.0315
A15: TRITURADO | D15: M3 | E15: =+'BASE DE DATOS'!D37 -> 105037 | F15: =L14*0.8 -> 0.0252 | G15: =E15*F15 -> 2646.9324
A16: ARENA | D16: M3 | E16: =+'BASE DE DATOS'!D36 -> 99509 | F16: =L14*0.6 -> 0.0189 | G16: =E16*F16 -> 1880.7201
A17: AGUA | D17: LT | E17: =+'BASE DE DATOS'!D31 -> 110 | F17: =L14*150 -> 4.725 | G17: =E17*F17 -> 519.75
A18: LISTON EN AMARILLO 8 x.2.2 x3 | D18: ML | E18: =+'BASE DE DATOS'!D38 -> 6082 | F18: 2 | G18: =E18*F18 -> 12164
A19: PUNTILLA 2" CON CABEZA | D19: LB | E19: =+'BASE DE DATOS'!D39 -> 6082 | F19: 0.2 | G19: =E19*F19 -> 1216.4
A20: ANTISOL BLANCO (presentación 20 Kg) | D20: Kg | E20: =+'BASE DE DATOS'!D40 -> 12162 | F20: 0.5 | G20: =E20*F20 -> 6081
G21: Sub-Total | H21: =SUM(G14:G20) -> 24686.746
A22: III.TRANSPORTES
A23: Material | C23: Vol-Peso ó Cant. | D23: Distancia | E23: M3-KM | F23: Tarifa | G23: Valor-Unit.
A24: TRITURADO | C24: M3 | D24: 25 | E24: =D24*F15 -> 0.63 | F24: 2340 | G24: =+F24*E24 -> 1474.2
A25: ARENA | C25: M3 | D25: 25 | E25: =D25*F16 -> 0.4725 | F25: 2340 | G25: =+F25*E25 -> 1105.65
G26: Sub-Total | H26: =SUM(G24:G25) -> 2579.85
A27: IV. MANO DE OBRA
A28: Trabajador | C28: Jornal | D28: Prestaciones | E28: Jornal Total | F28: Rendimiento | G28: Valor-Unit.
A29: OBREROS (2) | C29: =+'BASE DE DATOS'!$D$3*2 -> 116728 | D29: =+'ANALISIS M.O'!$F$2 -> 1.7733266 | E29: =+D29*C29 -> 206996.87 | F29: 12.579333 | G29: =+E29/F29 -> 16455.314
A30: OFICIAL (1) | C30: =+'BASE DE DATOS'!$D$5 -> 105054 | D30: =+'ANALISIS M.O'!$F$2 -> 1.7733266 | E30: =+D30*C30 -> 186295.06 | F30: =+F29 -> 12.579333 | G30: =+E30/F30 -> 14809.614
G34: Sub-Total | H34: =SUM(G29:G33) -> 31264.928
E36: Total Costo Directo | H36: =ROUND((+H11+H21+H26+H34),4) -> 69769.27
A38: V. AU
A39: Descripción | D39: PORCENTAJE | E39: Tarifa/Hora | F39: Rendimiento | G39: Valor-Unit.
A40: ADMINISTRACIÓN | D40: =+'1 localizacion'!$D$37 -> 0.32 | G40: =$H$36*D40 -> 22326.166
A41: UTILIDADES | D41: 0.05 | G41: =$H$36*D41 -> 3488.4635
G42: Sub-Total | H42: =SUM(G40:G41) -> 25814.63
E45: Total Costo | H45: =ROUND(H42+H36,2) -> 95583.9

Sheet 17 sello
A1: FORMATO DE ANALISIS DE PRECIOS UNITARIOS-APU
A2: REPUBLICA DE COLOMBIA | E2: ANALISIS DE PRECIOS UNITARIOS
A4: OBJETO: | B4: =+'PRESUPUESTO DE OBRA'!A2 -> CONSTRUCCIÓN DE PAVIMENTO RÍGIDO EN LA CALLE 4 ENTRE CARRERAS 7 Y 8 SECTOR LA CÁRCEL DEL MUNICIPIO DE AGUADAS, CALDAS | G4: ITEM: | H4: 17
A5: DESCRIPCIÓN: | B5: =VLOOKUP(H4,'PRESUPUESTO DE OBRA'!A:E,2,0) -> Suministro e instalacion de sello elastomerico de junta de pavimento rigido 5mm | G5: UNIDAD: | H5: =VLOOKUP(H4,'PRESUPUESTO DE OBRA'!A:E,3,0) -> ml
A6: I.EQUIPO
A7: Descripción | D7: Tipo | E7: Tarifa/Hora | F7: Rendimiento | G7: Valor-Unit.
A8: HERRAMIENTA MENOR | G8: =+H31*0.05 -> 164.17571
A9: MAQUINA DE SELLO | E9: =+'BASE DE DATOS'!D84 -> 3317 | F9: 10 | G9: =+E9/F9 -> 331.7
G11: Sub-Total | H11: =SUM(G8:G10) -> 495.87571
A12: II. MATERIALES EN OBRA
A13: Descripción | D13: Unidad | E13: Precio-Unit. | F13: Cantidad | G13: Valor-Unit.
A14: CORDON SIKAROLD | D14: ML | E14: =+'BASE DE DATOS'!D51 -> 1659 | F14: 1.05 | G14: =+F14*E14 -> 1741.95
A15: SELLO ELASTOMERICO | D15: ML | E15: =+'BASE DE DATOS'!D52 -> 7519 | F15: 1.05 | G15: =+F15*E15 -> 7894.95
G17: Sub-Total | H17: =SUM(G14:G16) -> 9636.9
A18: III.TRANSPORTES
A19: Material | C19: Vol-Peso ó Cant. | D19: Distancia | E19: M3-KM | F19: Tarifa | G19: Valor-Unit.
G23: Sub-Total | H23: =SUM(G20:G22) -> 0
A24: IV. MANO DE OBRA
A25: Trabajador | C25: Jornal | D25: Prestaciones | E25: Jornal Total | F25: Rendimiento | G25: Valor-Unit.
A26: AYUDANTE PRACTICO | C26: =+'BASE DE DATOS'!$D$4 -> 81709 | D26: =+'ANALISIS M.O'!$F$2 -> 1.7733266 | E26: =+D26*C26 -> 144896.75 | F26: 75.649189 | G26: =+E26/F26 -> 1915.3774
A27: OBREROS (1) | C27: =+'BASE DE DATOS'!$D$3 -> 58364 | D27: =+'ANALISIS M.O'!$F$2 -> 1.7733266 | E27: =+D27*C27 -> 103498.44 | F27: =+F26 -> 75.649189 | G27: =+E27/F27 -> 1368.1368
G31: Sub-Total | H31: =SUM(G26:G30) -> 3283.5142
E33: Total Costo Directo | H33: =ROUND((+H11+H17+H23+H31),4) -> 13416.29
A35: V. AU
A36: Descripción | D36: PORCENTAJE | E36: Tarifa/Hora | F36: Rendimiento | G36: Valor-Unit.
A37: ADMINISTRACIÓN | D37: =+'1 localizacion'!$D$37 -> 0.32 | G37: =$H$33*D37 -> 4293.2128
A38: UTILIDADES | D38: 0.05 | G38: =$H$33*D38 -> 670.8145
G39: Sub-Total | H39: =SUM(G37:G38) -> 4964.0273
E42: Total Costo | H42: =ROUND(H39+H33,0) -> 18380

Sheet 18 acero 
A1: FORMATO DE ANALISIS DE PRECIOS UNITARIOS-APU
A2: REPUBLICA DE COLOMBIA | E2: ANALISIS DE PRECIOS UNITARIOS
A4: OBJETO: | B4: =+'PRESUPUESTO DE OBRA'!A2 -> CONSTRUCCIÓN DE PAVIMENTO RÍGIDO EN LA CALLE 4 ENTRE CARRERAS 7 Y 8 SECTOR LA CÁRCEL DEL MUNICIPIO DE AGUADAS, CALDAS | G4: ITEM: | H4: 18
A5: DESCRIPCIÓN: | B5: =VLOOKUP(H4,'PRESUPUESTO DE OBRA'!A:E,2,0) -> Acero de refuerzo | G5: UNIDAD: | H5: =VLOOKUP(H4,'PRESUPUESTO DE OBRA'!A:E,3,0) -> kg
A6: I.EQUIPO
A7: Descripción | D7: Tipo | E7: Tarifa/Hora | F7: Rendimiento | G7: Valor-Unit.
A8: HERRAMIENTA MENOR | G8: =+H31*0.05 -> 109.24776
G11: Sub-Total | H11: =SUM(G8:G10) -> 109.24776
A12: II. MATERIALES EN OBRA
A13: Descripción | D13: Unidad | E13: Precio-Unit. | F13: Cantidad | G13: Valor-Unit.
A14: ACERO DE REFUERZO | D14: KG | E14: =+'BASE DE DATOS'!D42 -> 7187 | F14: 1.05 | G14: =+F14*E14 -> 7546.35
A15: ALAMBRE | D15: KG | E15: =+'BASE DE DATOS'!D47 -> 13268 | F15: 0.038 | G15: =+F15*E15 -> 504.184
G17: Sub-Total | H17: =SUM(G14:G16) -> 8050.534
A18: III.TRANSPORTES
A19: Material | C19: Vol-Peso ó Cant. | D19: Distancia | E19: M3-KM | F19: Tarifa | G19: Valor-Unit.
G23: Sub-Total | H23: =SUM(G20:G22) -> 0
A24: IV. MANO DE OBRA
A25: Trabajador | C25: Jornal | D25: Prestaciones | E25: Jornal Total | F25: Rendimiento | G25: Valor-Unit.
A26: OBREROS (2) | C26: =+'BASE DE DATOS'!$D$3*2 -> 116728 | D26: =+'ANALISIS M.O'!$F$2 -> 1.7733266 | E26: =+D26*C26 -> 206996.87 | F26: 180 | G26: =+E26/F26 -> 1149.9826
A27: OFICIAL (1) | C27: =+'BASE DE DATOS'!$D$5 -> 105054 | D27: =+'ANALISIS M.O'!$F$2 -> 1.7733266 | E27: =+D27*C27 -> 186295.06 | F27: =+F26 -> 180 | G27: =+E27/F27 -> 1034.9725
G31: Sub-Total | H31: =SUM(G26:G30) -> 2184.9552
E33: Total Costo Directo | H33: =ROUND((+H11+H17+H23+H31),4) -> 10344.737
A35: V. AU
A36: Descripción | D36: PORCENTAJE | E36: Tarifa/Hora | F36: Rendimiento | G36: Valor-Unit.
A37: ADMINISTRACIÓN | D37: =+'1 localizacion'!$D$37 -> 0.32 | G37: =$H$33*D37 -> 3310.3158
A38: UTILIDADES | D38: 0.05 | G38: =$H$33*D38 -> 517.23685
G39: Sub-Total | H39: =SUM(G37:G38) -> 3827.5527
E42: Total Costo | H42: =ROUND(H39+H33,0) -> 14172

Sheet 19 canastillas
A1: FORMATO DE ANALISIS DE PRECIOS UNITARIOS-APU
A2: REPUBLICA DE COLOMBIA | E2: ANALISIS DE PRECIOS UNITARIOS
A4: OBJETO: | B4: =+'PRESUPUESTO DE OBRA'!A2 -> CONSTRUCCIÓN DE PAVIMENTO RÍGIDO EN LA CALLE 4 ENTRE CARRERAS 7 Y 8 SECTOR LA CÁRCEL DEL MUNICIPIO DE AGUADAS, CALDAS | G4: ITEM: | H4: 19
A5: DESCRIPCIÓN: | B5: =VLOOKUP(H4,'PRESUPUESTO DE OBRA'!A:E,2,0) -> Canastillas para soporte de dovelas | G5: UNIDAD: | H5: =VLOOKUP(H4,'PRESUPUESTO DE OBRA'!A:E,3,0) -> ml
A6: I.EQUIPO
A7: Descripción | D7: Tipo | E7: Tarifa/Hora | F7: Rendimiento | G7: Valor-Unit.
A8: HERRAMIENTA MENOR | G8: =+H31*0.05 -> 550.85571
G11: Sub-Total | H11: =SUM(G8:G10) -> 550.85571
A12: II. MATERIALES EN OBRA
A13: Descripción | D13: Unidad | E13: Precio-Unit. | F13: Cantidad | G13: Valor-Unit.
A14: Canastilla para soporte de dovelas | D14: ml | E14: =+'BASE DE DATOS'!D65 -> 26833 | F14: 1 | G14: =+F14*E14 -> 26833
G17: Sub-Total | H17: =SUM(G14:G16) -> 26833
A18: III.TRANSPORTES
A19: Material | C19: Vol-Peso ó Cant. | D19: Distancia | E19: M3-KM | F19: Tarifa | G19: Valor-Unit.
G23: Sub-Total | H23: =SUM(G20:G22) -> 0
A24: IV. MANO DE OBRA
A25: Trabajador | C25: Jornal | D25: Prestaciones | E25: Jornal Total | F25: Rendimiento | G25: Valor-Unit.
A26: OBREROS (2) | C26: =+'BASE DE DATOS'!$D$3*2 -> 116728 | D26: =+'ANALISIS M.O'!$F$2 -> 1.7733266 | E26: =+D26*C26 -> 206996.87 | F26: 35.698271 | G26: =+E26/F26 -> 5798.5125
A27: OFICIAL (1) | C27: =+'BASE DE DATOS'!$D$5 -> 105054 | D27: =+'ANALISIS M.O'!$F$2 -> 1.7733266 | E27: =+D27*C27 -> 186295.06 | F27: =+F26 -> 35.698271 | G27: =+E27/F27 -> 5218.6017
G31: Sub-Total | H31: =SUM(G26:G30) -> 11017.114
E33: Total Costo Directo | H33: =ROUND((+H11+H17+H23+H31),4) -> 38400.97
A35: V. AU
A36: Descripción | D36: PORCENTAJE | E36: Tarifa/Hora | F36: Rendimiento | G36: Valor-Unit.
A37: ADMINISTRACIÓN | D37: =+'1 localizacion'!$D$37 -> 0.32 | G37: =$H$33*D37 -> 12288.31
A38: UTILIDADES | D38: 0.05 | G38: =$H$33*D38 -> 1920.0485
G39: Sub-Total | H39: =SUM(G37:G38) -> 14208.359
E42: Total Costo | H42: =ROUND(H39+H33,0) -> 52609

Sheet 20 malla 
A1: FORMATO DE ANALISIS DE PRECIOS UNITARIOS-APU
A2: REPUBLICA DE COLOMBIA | E2: ANALISIS DE PRECIOS UNITARIOS
A4: OBJETO: | B4: =+'PRESUPUESTO DE OBRA'!A2 -> CONSTRUCCIÓN DE PAVIMENTO RÍGIDO EN LA CALLE 4 ENTRE CARRERAS 7 Y 8 SECTOR LA CÁRCEL DEL MUNICIPIO DE AGUADAS, CALDAS | G4: ITEM: | H4: 20
A5: DESCRIPCIÓN: | B5: =VLOOKUP(H4,'PRESUPUESTO DE OBRA'!A:E,2,0) -> Suministro e instalación de malla electrosoldada 15x15cm x 4mm | G5: UNIDAD: | H5: =VLOOKUP(H4,'PRESUPUESTO DE OBRA'!A:E,3,0) -> m2
A6: I.EQUIPO
A7: Descripción | D7: Tipo | E7: Tarifa/Hora | F7: Rendimiento | G7: Valor-Unit.
A8: HERRAMIENTA MENOR | G8: =+H31*0.05 -> 245.80746
G11: Sub-Total | H11: =SUM(G8:G10) -> 245.80746
A12: II. MATERIALES EN OBRA
A13: Descripción | D13: Unidad | E13: Precio-Unit. | F13: Cantidad | G13: Valor-Unit.
A14: Malla electrosoldada 15x15 4mm | D14: m2 | E14: 17884 | F14: 1 | G14: =+F14*E14 -> 17884
G17: Sub-Total | H17: =SUM(G14:G16) -> 17884
A18: III.TRANSPORTES
A19: Material | C19: Vol-Peso ó Cant. | D19: Distancia | E19: M3-KM | F19: Tarifa | G19: Valor-Unit.
G23: Sub-Total | H23: =SUM(G20:G22) -> 0
A24: IV. MANO DE OBRA
A25: Trabajador | C25: Jornal | D25: Prestaciones | E25: Jornal Total | F25: Rendimiento | G25: Valor-Unit.
A26: OBREROS (2) | C26: =+'BASE DE DATOS'!$D$3*2 -> 116728 | D26: =+'ANALISIS M.O'!$F$2 -> 1.7733266 | E26: =+D26*C26 -> 206996.87 | F26: 80 | G26: =+E26/F26 -> 2587.4609
A27: OFICIAL (1) | C27: =+'BASE DE DATOS'!$D$5 -> 105054 | D27: =+'ANALISIS M.O'!$F$2 -> 1.7733266 | E27: =+D27*C27 -> 186295.06 | F27: =+F26 -> 80 | G27: =+E27/F27 -> 2328.6882
G31: Sub-Total | H31: =SUM(G26:G30) -> 4916.1491
E33: Total Costo Directo | H33: =ROUND((+H11+H17+H23+H31),4) -> 23045.957
A35: V. AU
A36: Descripción | D36: PORCENTAJE | E36: Tarifa/Hora | F36: Rendimiento | G36: Valor-Unit.
A37: ADMINISTRACIÓN | D37: 0.32 | G37: =$H$33*D37 -> 7374.7061
A38: UTILIDADES | D38: 0.05 | G38: =$H$33*D38 -> 1152.2978
G39: Sub-Total | H39: =SUM(G37:G38) -> 8527.0039
E42: Total Costo | H42: =ROUND(H39+H33,0) -> 31573

Sheet 21 tubería 8"
A1: FORMATO DE ANALISIS DE PRECIOS UNITARIOS-APU
A2: REPUBLICA DE COLOMBIA | E2: ANALISIS DE PRECIOS UNITARIOS
A4: OBJETO: | B4: =+'PRESUPUESTO DE OBRA'!A2 -> CONSTRUCCIÓN DE PAVIMENTO RÍGIDO EN LA CALLE 4 ENTRE CARRERAS 7 Y 8 SECTOR LA CÁRCEL DEL MUNICIPIO DE AGUADAS, CALDAS | G4: ITEM: | H4: 21
A5: DESCRIPCIÓN: | B5: =VLOOKUP(H4,'PRESUPUESTO DE OBRA'!A:E,2,0) -> Suministro e instalación de tubería PVC corrugada de 8" | G5: UNIDAD: | H5: =VLOOKUP(H4,'PRESUPUESTO DE OBRA'!A:E,3,0) -> ml
A6: I.EQUIPO
A7: Descripción | D7: Tipo | E7: Tarifa/Hora | F7: Rendimiento | G7: Valor-Unit.
A8: HERRAMIENTA MENOR | G8: =+H31*0.05 -> 1515.0784
G11: Sub-Total | H11: =SUM(G8:G10) -> 1515.0784
A12: II. MATERIALES EN OBRA
A13: Descripción | D13: Unidad | E13: Precio-Unit. | F13: Cantidad | G13: Valor-Unit.
A14: TUBERIA NOVAFORT 8" | D14: ml | E14: =+'BASE DE DATOS'!D95 -> 89558 | F14: 1 | G14: =E14*F14 -> 89558
G17: Sub-Total | H17: =SUM(G14:G16) -> 89558
A18: III.TRANSPORTES
A19: Material | C19: Vol-Peso ó Cant. | D19: Distancia | E19: M3-KM | F19: Tarifa | G19: Valor-Unit.
G23: Sub-Total | H23: =SUM(G20:G22) -> 0
A24: IV. MANO DE OBRA
A25: Trabajador | C25: Jornal | D25: Prestaciones | E25: Jornal Total | F25: Rendimiento | G25: Valor-Unit.
A26: OBREROS (2) | C26: =+'BASE DE DATOS'!$D$3*2 -> 116728 | D26: =+'ANALISIS M.O'!$F$2 -> 1.7733266 | E26: =+D26*C26 -> 206996.87 | F26: 12.97926 | G26: =+E26/F26 -> 15948.28
A27: OFICIAL (1) | C27: =+'BASE DE DATOS'!$D$5 -> 105054 | D27: =+'ANALISIS M.O'!$F$2 -> 1.7733266 | E27: =+D27*C27 -> 186295.06 | F27: =+F26 -> 12.97926 | G27: =+E27/F27 -> 14353.288
G31: Sub-Total | H31: =SUM(G26:G30) -> 30301.567
E33: Total Costo Directo | H33: =ROUND((+H11+H17+H23+H31),4) -> 121374.65
A35: V. AU
A36: Descripción | D36: PORCENTAJE | E36: Tarifa/Hora | F36: Rendimiento | G36: Valor-Unit.
A37: ADMINISTRACIÓN | D37: =+'1 localizacion'!$D$37 -> 0.32 | G37: =$H$33*D37 -> 38839.887
A38: UTILIDADES | D38: 0.05 | G38: =$H$33*D38 -> 6068.7323
G39: Sub-Total | H39: =SUM(G37:G38) -> 44908.619
E42: Total Costo | H42: =ROUND(H39+H33,0) -> 166283

Sheet 22 empalme
A1: FORMATO DE ANALISIS DE PRECIOS UNITARIOS-APU
A2: REPUBLICA DE COLOMBIA | E2: ANALISIS DE PRECIOS UNITARIOS
A4: OBJETO: | B4: =+'PRESUPUESTO DE OBRA'!A2 -> CONSTRUCCIÓN DE PAVIMENTO RÍGIDO EN LA CALLE 4 ENTRE CARRERAS 7 Y 8 SECTOR LA CÁRCEL DEL MUNICIPIO DE AGUADAS, CALDAS | G4: ITEM: | H4: 22
A5: DESCRIPCIÓN: | B5: =VLOOKUP(H4,'PRESUPUESTO DE OBRA'!A:E,2,0) -> Empalme a cámara | G5: UNIDAD: | H5: =VLOOKUP(H4,'PRESUPUESTO DE OBRA'!A:E,3,0) -> und
A6: I.EQUIPO
A7: Descripción | D7: Tipo | E7: Tarifa/Hora | F7: Rendimiento | G7: Valor-Unit.
A8: HERRAMIENTA MENOR | G8: =+H31*0.05 -> 4059.9897
G11: Sub-Total | H11: =SUM(G8:G10) -> 4059.9897
A12: II. MATERIALES EN OBRA
A13: Descripción | D13: Unidad | E13: Precio-Unit. | F13: Cantidad | G13: Valor-Unit.
A15: CONCRETO 3000 P.S.I | D15: M3 | E15: =+'BASE DE DATOS'!D94 -> 938554 | F15: 0.05 | G15: =+F15*E15 -> 46927.7
G17: Sub-Total | H17: =SUM(G14:G16) -> 46927.7
A18: III.TRANSPORTES
A19: Material | C19: Vol-Peso ó Cant. | D19: Distancia | E19: M3-KM | F19: Tarifa | G19: Valor-Unit.
G23: Sub-Total | H23: =SUM(G20:G22) -> 0
A24: IV. MANO DE OBRA
A25: Trabajador | C25: Jornal | D25: Prestaciones | E25: Jornal Total | F25: Rendimiento | G25: Valor-Unit.
A26: OBREROS (2) | C26: =+'BASE DE DATOS'!$D$3*2 -> 116728 | D26: =+'ANALISIS M.O'!$F$2 -> 1.7733266 | E26: =+D26*C26 -> 206996.87 | F26: 4.8435089 | G26: =+E26/F26 -> 42736.965
A27: OFICIAL (1) | C27: =+'BASE DE DATOS'!$D$5 -> 105054 | D27: =+'ANALISIS M.O'!$F$2 -> 1.7733266 | E27: =+D27*C27 -> 186295.06 | F27: =+F26 -> 4.8435089 | G27: =+E27/F27 -> 38462.829
G31: Sub-Total | H31: =SUM(G26:G30) -> 81199.795
E33: Total Costo Directo | H33: =ROUND((+H11+H17+H23+H31),4) -> 132187.48
A35: V. AU
A36: Descripción | D36: PORCENTAJE | E36: Tarifa/Hora | F36: Rendimiento | G36: Valor-Unit.
A37: ADMINISTRACIÓN | D37: =+'1 localizacion'!$D$37 -> 0.32 | G37: =$H$33*D37 -> 42299.995
A38: UTILIDADES | D38: 0.05 | G38: =$H$33*D38 -> 6609.3742
G39: Sub-Total | H39: =SUM(G37:G38) -> 48909.369
E42: Total Costo | H42: =ROUND(H39+H33,0) -> 181097

Sheet 23 Sumidero T
A1: FORMATO DE ANALISIS DE PRECIOS UNITARIOS-APU
A2: REPUBLICA DE COLOMBIA | E2: ANALISIS DE PRECIOS UNITARIOS
A4: OBJETO: | B4: =+'PRESUPUESTO DE OBRA'!A2 -> CONSTRUCCIÓN DE PAVIMENTO RÍGIDO EN LA CALLE 4 ENTRE CARRERAS 7 Y 8 SECTOR LA CÁRCEL DEL MUNICIPIO DE AGUADAS, CALDAS | G4: ITEM: | H4: 23
A5: DESCRIPCIÓN: | B5: =VLOOKUP(H4,'PRESUPUESTO DE OBRA'!A:E,2,0) -> Suministro, transporte e instalación sumidero transversal en concreto de 3.000 psi. Incluye reja en varilla corrugada de 1", angulo de 1 1/2" x 3/16 y platina de 1 1/2" x 3/16. Espesor muros 12cm. Incluye acero de refuerzo. | G5: UNIDAD: | H5: =VLOOKUP(H4,'PRESUPUESTO DE OBRA'!A:E,3,0) -> ml
A6: I.EQUIPO
A7: Descripción | D7: Tipo | E7: Tarifa/Hora | F7: Rendimiento | G7: Valor-Unit.
A8: HERRAMIENTA MENOR | G8: =+H34*0.05 -> 20009.627
G11: Sub-Total | H11: =SUM(G8:G10) -> 20009.627
A12: II. MATERIALES EN OBRA
A13: Descripción | D13: Unidad | E13: Precio-Unit. | F13: Cantidad | G13: Valor-Unit.
A14: CEMENTO | D14: KG | E14: =+'BASE DE DATOS'!D35 -> 807 | F14: 350 | G14: =+F14*E14 -> 282450
A15: TRITURADO | D15: M3 | E15: =+'BASE DE DATOS'!D37 -> 105037 | F15: 0.8 | G15: =E15*F15 -> 84029.6
A16: ARENA | D16: M3 | E16: =+'BASE DE DATOS'!D36 -> 99509 | F16: 0.6 | G16: =E16*F16 -> 59705.4
A17: AGUA | D17: LT | E17: =+'BASE DE DATOS'!D31 -> 110 | F17: 150 | G17: =E17*F17 -> 16500
A18: TABLA FORMALETA | D18: ML | E18: =+'BASE DE DATOS'!D43 -> 7740 | F18: 2 | G18: =+F18*E18 -> 15480
A19: PUNTILLA | D19: LB | E19: =+'BASE DE DATOS'!D39 -> 6082 | F19: 1 | G19: =+F19*E19 -> 6082
A20: MARCO REJA EN VARILLA CORRUGADA 1" | D20: UN | E20: =+'BASE DE DATOS'!D93 -> 450000 | F20: 1 | G20: =+F20*E20 -> 450000
G21: Sub-Total | H21: =SUM(G14:G20) -> 914247
A22: III.TRANSPORTES
A23: Material | C23: Vol-Peso ó Cant. | D23: Distancia | E23: M3-KM | F23: Tarifa | G23: Valor-Unit.
A24: TRITURADO | C24: M3 | D24: 25 | E24: =D24*F15 -> 20 | F24: 2340 | G24: =+F24*E24 -> 46800
A25: ARENA | C25: M3 | D25: 25 | E25: =D25*F16 -> 15 | F25: =+F24 -> 2340 | G25: =+F25*E25 -> 35100
G26: Sub-Total | H26: =SUM(G24:G25) -> 81900
A27: IV. MANO DE OBRA
A28: Trabajador | C28: Jornal | D28: Prestaciones | E28: Jornal Total | F28: Rendimiento | G28: Valor-Unit.
A29: OBREROS (4) | C29: =+'BASE DE DATOS'!$D$3*4 -> 233456 | D29: =+'ANALISIS M.O'!$F$2 -> 1.7733266 | E29: =+D29*C29 -> 413993.74 | F29: 1.5 | G29: =+E29/F29 -> 275995.83
A30: OFICIAL (1) | C30: =+'BASE DE DATOS'!$D$5 -> 105054 | D30: =+'ANALISIS M.O'!$F$2 -> 1.7733266 | E30: =+D30*C30 -> 186295.06 | F30: =+F29 -> 1.5 | G30: =+E30/F30 -> 124196.7
G34: Sub-Total | H34: =SUM(G29:G33) -> 400192.53
E36: Total Costo Directo | H36: =ROUND((+H11+H21+H26+H34),0) -> 1416349
A38: V. AU
A39: Descripción | D39: PORCENTAJE | E39: Tarifa/Hora | F39: Rendimiento | G39: Valor-Unit.
A40: ADMINISTRACIÓN | D40: =+'1 localizacion'!$D$37 -> 0.32 | G40: =H36*D40 -> 453231.68
A41: UTILIDADES | D41: 0.05 | G41: =H36*D41 -> 70817.45
G42: Sub-Total | H42: =SUM(G40:G41) -> 524049.13
E45: Total Costo | H45: =ROUND(H42+H36,0) -> 1940398

Sheet 24 Tapa con aro
A1: FORMATO DE ANALISIS DE PRECIOS UNITARIOS-APU
A2: REPUBLICA DE COLOMBIA | E2: ANALISIS DE PRECIOS UNITARIOS
A4: OBJETO: | B4: =+'PRESUPUESTO DE OBRA'!A2 -> CONSTRUCCIÓN DE PAVIMENTO RÍGIDO EN LA CALLE 4 ENTRE CARRERAS 7 Y 8 SECTOR LA CÁRCEL DEL MUNICIPIO DE AGUADAS, CALDAS | G4: ITEM: | H4: 24
A5: DESCRIPCIÓN: | B5: =VLOOKUP(H4,'PRESUPUESTO DE OBRA'!A:E,2,0) -> Suministro, transporte e instalación de tapa con aro pozo de inspección en HF D=0.59cm para trafico pesado. | G5: UNIDAD: | H5: =VLOOKUP(H4,'PRESUPUESTO DE OBRA'!A:E,3,0) -> Un
A6: I.EQUIPO
A7: Descripción | D7: Tipo | E7: Tarifa/Hora | F7: Rendimiento | G7: Valor-Unit.
A8: HERRAMIENTA MENOR | G8: =+H31*0.05 -> 7609.792
G11: Sub-Total | H11: =SUM(G8:G10) -> 7609.792
A12: II. MATERIALES EN OBRA
A13: Descripción | D13: Unidad | E13: Precio-Unit. | F13: Cantidad | G13: Valor-Unit.
A14: TAPA EN HF | D14: UN | E14: =+'BASE DE DATOS'!D54 -> 718674 | F14: 1 | G14: =E14*F14 -> 718674
G17: Sub-Total | H17: =SUM(G14:G16) -> 718674
A18: III.TRANSPORTES
A19: Material | C19: Vol-Peso ó Cant. | D19: Distancia | E19: M3-KM | F19: Tarifa | G19: Valor-Unit.
G23: Sub-Total | H23: =SUM(G20:G22) -> 0
A24: IV. MANO DE OBRA
A25: Trabajador | C25: Jornal | D25: Prestaciones | E25: Jornal Total | F25: Rendimiento | G25: Valor-Unit.
A26: OBREROS (4) | C26: =+'BASE DE DATOS'!$D$3*2 -> 116728 | D26: =+'ANALISIS M.O'!$F$2 -> 1.7733266 | E26: =+D26*C26 -> 206996.87 | F26: 2.5841175 | G26: =+E26/F26 -> 80103.507
A27: OFICIAL (1) | C27: =+'BASE DE DATOS'!$D$5 -> 105054 | D27: =+'ANALISIS M.O'!$F$2 -> 1.7733266 | E27: =+D27*C27 -> 186295.06 | F27: =+F26 -> 2.5841175 | G27: =+E27/F27 -> 72092.332
G31: Sub-Total | H31: =SUM(G26:G30) -> 152195.84
E33: Total Costo Directo | H33: =ROUND((+H11+H17+H23+H31),4) -> 878479.63
A35: V. AU
A36: Descripción | D36: PORCENTAJE | E36: Tarifa/Hora | F36: Rendimiento | G36: Valor-Unit.
A37: ADMINISTRACIÓN | D37: =+'1 localizacion'!$D$37 -> 0.32 | G37: =H33*D37 -> 281113.48
A38: UTILIDADES | D38: 0.05 | G38: =H33*D38 -> 43923.982
G39: Sub-Total | H39: =SUM(G37:G38) -> 325037.46
E42: Total Costo | H42: =ROUND(H39+H33,0) -> 1203517

Sheet 25 Señalización simbolos
A1: FORMATO DE ANALISIS DE PRECIOS UNITARIOS-APU
A2: REPUBLICA DE COLOMBIA | E2: ANALISIS DE PRECIOS UNITARIOS
A4: OBJETO: | B4: =+'PRESUPUESTO DE OBRA'!A2 -> CONSTRUCCIÓN DE PAVIMENTO RÍGIDO EN LA CALLE 4 ENTRE CARRERAS 7 Y 8 SECTOR LA CÁRCEL DEL MUNICIPIO DE AGUADAS, CALDAS | G4: ITEM: | H4: 25
A5: DESCRIPCIÓN: | B5: =VLOOKUP(H4,'PRESUPUESTO DE OBRA'!A:E,2,0) -> Suministro e instalacion demarcacion pasos peatonales, lineas de pare, símbolos, textos y otras, con pintura plástico en frío método llana | G5: UNIDAD: | H5: =VLOOKUP(H4,'PRESUPUESTO DE OBRA'!A:E,3,0) -> m2
A6: I.EQUIPO
A7: Descripción | D7: Tipo | E7: Tarifa/Hora | F7: Rendimiento | G7: Valor-Unit.
A8: HERRAMIENTA MENOR | G8: =+H30*0.05 -> 655.48655
A9: EQUIPO DE PINTURA (COMPRESO) | D9: Hr | E9: =+'BASE DE DATOS'!D70 -> 8950 | F9: 12 | G9: =+E9/F9 -> 745.83333
G11: Sub-Total | H11: =SUM(G8:G10) -> 1401.3199
A12: II. MATERIALES EN OBRA
A13: Descripción | D13: Unidad | E13: Precio-Unit. | F13: Cantidad | G13: Valor-Unit.
A14: PINTUTRAFICO PINTURA PLASTICA EN FRIO | D14: GAL | E14: =+'BASE DE DATOS'!D97 -> 215600 | F14: 0.35 | G14: =+F14*E14 -> 75460
G15: =E15*F15 -> 0
G16: =E16*F16 -> 0
G17: Sub-Total | H17: =SUM(G14:G16) -> 75460
A18: III.TRANSPORTES
A19: Material | C19: Vol-Peso ó Cant. | D19: Distancia | E19: M3-KM | F19: Tarifa | G19: Valor-Unit.
G22: Sub-Total | H22: =SUM(G20:G21) -> 0
A23: IV. MANO DE OBRA
A24: Trabajador | C24: Jornal | D24: Prestaciones | E24: Jornal Total | F24: Rendimiento | G24: Valor-Unit.
A25: OBREROS (2) | C25: =+'BASE DE DATOS'!$D$3*2 -> 116728 | D25: =+'ANALISIS M.O'!$F$2 -> 1.7733266 | E25: =+D25*C25 -> 206996.87 | F25: 30 | G25: =+E25/F25 -> 6899.8957
A26: OFICIAL (1) | C26: =+'BASE DE DATOS'!$D$5 -> 105054 | D26: =+'ANALISIS M.O'!$F$2 -> 1.7733266 | E26: =+D26*C26 -> 186295.06 | F26: =+F25 -> 30 | G26: =+E26/F26 -> 6209.8352
G30: Sub-Total | H30: =SUM(G25:G29) -> 13109.731
E32: Total Costo Directo | H32: =ROUND((+H11+H17+H22+H30),0) -> 89971
A34: V. AU
A35: Descripción | D35: PORCENTAJE | E35: Tarifa/Hora | F35: Rendimiento | G35: Valor-Unit.
A36: ADMINISTRACIÓN | D36: =+'1 localizacion'!$D$37 -> 0.32 | G36: =H32*D36 -> 28790.72
A37: UTILIDADES | D37: 0.05 | G37: =H32*D37 -> 4498.55
G38: Sub-Total | H38: =SUM(G36:G37) -> 33289.27
E41: Total Costo | H41: =ROUND(H38+H32,0) -> 123260

Sheet 26 Reductor
A1: FORMATO DE ANALISIS DE PRECIOS UNITARIOS-APU
A2: REPUBLICA DE COLOMBIA | E2: ANALISIS DE PRECIOS UNITARIOS
A4: OBJETO: | B4: =+'PRESUPUESTO DE OBRA'!A2 -> CONSTRUCCIÓN DE PAVIMENTO RÍGIDO EN LA CALLE 4 ENTRE CARRERAS 7 Y 8 SECTOR LA CÁRCEL DEL MUNICIPIO DE AGUADAS, CALDAS | G4: ITEM: | H4: 26
A5: DESCRIPCIÓN: | B5: =VLOOKUP(H4,'PRESUPUESTO DE OBRA'!A:E,2,0) -> Suministro e instalación reductor de velocidad (3,7 m. ancho x 10cms de altura) | G5: UNIDAD: | H5: =VLOOKUP(H4,'PRESUPUESTO DE OBRA'!A:E,3,0) -> ml
A6: I.EQUIPO
A7: Descripción | D7: Tipo | E7: Tarifa/Hora | F7: Rendimiento | G7: Valor-Unit.
A8: HERRAMIENTA MENOR | G8: =+H36*0.05 -> 13109.731
G11: Sub-Total | H11: =SUM(G8:G10) -> 13109.731
A12: II. MATERIALES EN OBRA
A13: Descripción | D13: Unidad | E13: Precio-Unit. | F13: Cantidad | G13: Valor-Unit.
A14: CEMENTO | D14: KG | E14: =+'BASE DE DATOS'!D35 -> 807 | F14: =450*0.1*7.407 -> 333.315 | G14: =+F14*E14 -> 268985.21
A15: TRITURADO | D15: M3 | E15: =+'BASE DE DATOS'!D37 -> 105037 | F15: =0.53*0.1*7.407 -> 0.392571 | G15: =E15*F15 -> 41234.48
A16: ARENA | D16: M3 | E16: =+'BASE DE DATOS'!D36 -> 99509 | F16: =0.47*0.1*7.407 -> 0.348129 | G16: =E16*F16 -> 34641.969
A17: AGUA | D17: LT | E17: =+'BASE DE DATOS'!D31 -> 110 | F17: =188*0.1*7.407 -> 139.2516 | G17: =E17*F17 -> 15317.676
A18: TABLA FORMALETA | D18: ML | E18: =+'BASE DE DATOS'!D43 -> 7740 | F18: 2 | G18: =+F18*E18 -> 15480
A19: PUNTILLA | D19: LB | E19: =+'BASE DE DATOS'!D39 -> 6082 | F19: 1 | G19: =+F19*E19 -> 6082
A20: MALLA ELECTROSOLDADA 5MM | D20: M2 | E20: =+'BASE DE DATOS'!D67 -> 19200 | F20: =1/7.407 -> 0.13500743 | G20: =+F20*E20 -> 2592.1426
A21: PINTURA TIPO TRAFICO | D21: GAL | E21: =+'BASE DE DATOS'!D97 -> 215600 | F21: 0.1 | G21: =+F21*E21 -> 21560
A22: MICROESFERAS PARA PITURA TRAFICO | D22: GAL | E22: =+'BASE DE DATOS'!D60 -> 149263 | F22: 0.04 | G22: =+F22*E22 -> 5970.52
G23: Sub-Total | H23: =SUM(G14:G22) -> 411863.99
A24: III.TRANSPORTES
A25: Material | C25: Vol-Peso ó Cant. | D25: Distancia | E25: M3-KM | F25: Tarifa | G25: Valor-Unit.
A26: TRITURADO | C26: M3 | D26: 25 | E26: =D26*F15 -> 9.814275 | F26: 2340 | G26: =+F26*E26 -> 22965.404
A27: ARENA | C27: M3 | D27: 25 | E27: =D27*F16 -> 8.703225 | F27: =+F26 -> 2340 | G27: =+F27*E27 -> 20365.547
G28: Sub-Total | H28: =SUM(G26:G27) -> 43330.95
A29: IV. MANO DE OBRA
A30: Trabajador | C30: Jornal | D30: Prestaciones | E30: Jornal Total | F30: Rendimiento | G30: Valor-Unit.
A31: OBREROS (2) | C31: =+'BASE DE DATOS'!$D$3*2 -> 116728 | D31: =+'ANALISIS M.O'!$F$2 -> 1.7733266 | E31: =+D31*C31 -> 206996.87 | F31: 1.5 | G31: =+E31/F31 -> 137997.91
A32: OFICIAL (1) | C32: =+'BASE DE DATOS'!$D$5 -> 105054 | D32: =+'ANALISIS M.O'!$F$2 -> 1.7733266 | E32: =+D32*C32 -> 186295.06 | F32: =+F31 -> 1.5 | G32: =+E32/F32 -> 124196.7
G36: Sub-Total | H36: =SUM(G31:G35) -> 262194.62
E38: Total Costo Directo | H38: =ROUND((+H11+H23+H28+H36),0) -> 730499
A40: V. AU
A41: Descripción | D41: PORCENTAJE | E41: Tarifa/Hora | F41: Rendimiento | G41: Valor-Unit.
A42: ADMINISTRACIÓN | D42: =+'1 localizacion'!$D$37 -> 0.32 | G42: =H38*D42 -> 233759.68
A43: UTILIDADES | D43: 0.05 | G43: =H38*D43 -> 36524.95
G44: Sub-Total | H44: =SUM(G42:G43) -> 270284.63
E47: Total Costo | H47: =ROUND(H44+H38,0) -> 1000784

Sheet BASE DE DATOS
A1: BASE DE DATOS PERSONAL/MATERIALES/EQUIPOS | G1: IPC 2024
A2: DESCRIPCIÓN | B2: UNIDAD | C2: CANTIDAD | D2: VALOR UNITARIO | G2: 0.052
A3: AYUDANTE | B3: Día | C3: 1 | D3: 58364
A4: AYUDANTE PRÁCTICO | B4: Día | C4: 1 | D4: 81709
A5: OFICIAL | B5: Día | C5: 1 | D5: 105054
A6: CADENERO 1 | B6: Día | C6: 1 | D6: 87545
A7: CADENERO 2 | B7: Día | C7: 1 | D7: 58364
A8: LINIERO CAT 1 | B8: Día | C8: 1 | D8: 163418
A9: LINIERO CAT 2 | B9: Día | C9: 1 | D9: 105054
A10: MAESTRO DE OBRA | B10: Día | C10: 1 | D10: 175091
A11: OPERADOR DE MAQUINARIA | B11: Día | C11: 1 | D11: 116727
A12: TOPÓGRAFO | B12: Día | C12: 1 | D12: 204272
A13: PROFESIONAL EN SALUD OCUPACIONAL | B13: Día | C13: 1 | D13: 163418
A14: CUADRILLA E 1 OF + 1 AY (JORNAL + PRESTACIONES) | B14: Día | C14: 1 | D14: 163418
... A21: CUADRILLA H 4 AY (JORNAL + PRESTACIONES) | B21: Día | C21: 1 | D21: 233456
A23: ESTACA | B23: Un | C23: 1 | D23: =ROUND(H23*(1+$G$2),0) -> 1659 | H23: 1577
A24: PINTURA EN VINILO | B24: 1/4 GLN | C24: 1 | D24: =ROUND(H24*(1+$G$2),0) -> 27641 | H24: 26275
A25: CINTA DE SEÑALIZACIÓN | B25: ml | C25: 1 | D25: =ROUND(H25*(1+$G$2),0) -> 221 | H25: 210
A26: SOBREBASA DE GUADUA | B26: Un | C26: 1 | D26: =ROUND(H26*(1+$G$2),0) -> 16585 | H26: 15765
A27: PLASTICO | B27: M2 | C27: 1 | D27: =ROUND(H27*(1+$G$2),0) -> 4976 | H27: 4730
A28: HILO | B28: Rollo | C28: 1 | D28: =ROUND(H28*(1+$G$2),0) -> 16585 | H28: 15765
A29: TELA YUTE H=2 | B29: ML | C29: 1 | D29: 3682 | H29: 3682
A30: BOMBONES EN GUADUA | B30: UN | C30: 1 | D30: =ROUND(H30*(1+$G$2),0) -> 4423 | H30: 4204
A31: AGUA | B31: LT | C31: 1 | D31: =ROUND(H31*(1+$G$2),0) -> 110 | H31: 105
A32: MATERIAL DE BASE GRANULAR | B32: M3 | C32: 1 | D32: =ROUND(H32*(1+$G$2),0) -> 93980 | H32: 89335
A33: MATERIAL DE subBASE GRANULAR | B33: M3 | C33: 1 | D33: =ROUND(H33*(1+$G$2),0) -> 93980 | H33: 89335
A34: AFIRMADO | B34: M3 | C34: 1 | D34: =ROUND(H34*(1+$G$2),0) -> 60811 | H34: 57805
A35: CEMENTO | B35: KG | C35: 1 | D35: =ROUND(H35*(1+$G$2),0) -> 807 | H35: 767
A36: ARENA | B36: M3 | C36: 1 | D36: =ROUND(H36*(1+$G$2),0) -> 99509 | H36: 94590
A37: TRITURADO | B37: M3 | C37: 1 | D37: =ROUND(H37*(1+$G$2),0) -> 105037 | H37: 99845
A38: LISTON EN AMARILLO 8 x.2.2 x3 | B38: ML | C38: 1 | D38: =ROUND(H38*(1+$G$2),0) -> 6082 | H38: 5781
A39: PUNTILLA 2" CON CABEZA | B39: LB | C39: 1 | D39: =ROUND(H39*(1+$G$2),0) -> 6082 | H39: 5781
A40: ANTISOL BLANCO (presentación 20 Kg) | B40: KG | C40: 1 | D40: =ROUND(H40*(1+$G$2),0) -> 12162 | H40: 11561
A41: VARILLON ESQUELETAR SAJO | B41: ML | C41: 1 | D41: =ROUND(H41*(1+$G$2),0) -> 3870 | H41: 3679
... A66: MALLA ELECTROSOLDADA 4MM 15X15CM | B66: M2 | C66: 1 | D66: =ROUND(H66*(1+$G$2),0) -> 18796 | H66: 17867
A67: MALLA ELECTROSOLDADA 5MM 15X15CM | B67: M2 | C67: 1 | D67: =+H67 -> 19200 | H67: 19200
A69: EQUIPO DE TOPOGRAFIA | B69: Hr | C69: 1 | D69: =ROUND(H69*(1+$G$2),0) -> 165848 | H69: 157650
A70: EQUIPO DE PINTURA (COMPRESOR) | B70: Hr | C70: 1 | D70: 8950
A71: COMPRESOR 120 HP, CON MARTILLO (INCLUYE TRANSPORTE DEL EQUIPO | B71: Hr | C71: 1 | D71: =ROUND(H71*(1+$G$2),0) -> 199017 | H71: 189180
A72: MOTONIVELADORA POTENCIA 215 HP, ANCHO DE CUCHILLA 4,27 M, PESO 18 TON.(INCLUYE OPERADOR Y TRANSPORTE DEL EQUIPO) | B72: Hr | C72: 1 | D72: =ROUND(H72*(1+$G$2),0) -> 221130 | H72: 210200
A73: VIBROCOMPACTADOR, POTENCIA 153 HP, PESO 10 TON. (INCLUYE OPERADOR Y TRANSPORTE DEL EQUIPO) | B73: Hr | C73: 1 | D73: =ROUND(H73*(1+$G$2),0) -> 165848 | H73: 157650
A74: CARROTANQUE DE AGUA 10000 LITROS.(INCLUYE OPERADOR Y TRANSPORTE DEL EQUIPO) | B74: Hr | C74: 1 | D74: =ROUND(H74*(1+$G$2),0) -> 138207 | H74: 131375
A75: CARGADOR : POTENCIA EN EL VOLANTE 125 HP, CLASIFICACIÓN DE RPM DEL MOTOR 2300.(INCLUYE OPERADOR Y TRANSPORTE DEL EQUIPO) | B75: Hr | C75: 1 | D75: =ROUND(H75*(1+$G$2),0) -> 138207 | H75: 131375
A76: VOLQUETA | B76: Hr | C76: 1 | D76: =ROUND(H76*(1+$G$2),0) -> 97408 | H76: 92593
A77: VIBRADOR TIPO RANA | B77: Hr | C77: 1 | D77: =ROUND(H77*(1+$G$2),0) -> 7740 | H77: 7357
A78: CONCRETADORA 1 SACO | B78: Hr | C78: 1 | D78: =ROUND(H78*(1+$G$2),0) -> 10504 | H78: 9985
A79: VIBRADOR DE CONCRETO | B79: Hr | C79: 1 | D79: =ROUND(H79*(1+$G$2),0) -> 8845 | H79: 8408
A80: REGLA VIBRATORIA A GASOLINA | B80: Hr | C80: 1 | D80: =ROUND(H80*(1+$G$2),0) -> 15479 | H80: 14714
A81: FORMALETA METALICA | B81: UN | C81: 1 | D81: =ROUND(H81*(1+$G$2),0) -> 4976 | H81: 4730
A82: CIZALLA | B82: Hr | C82: 1 | D82: =ROUND(H82*(1+$G$2),0) -> 664 | H82: 631
... A92: Tuberia de Drenaje de 4 Pulgadas Drainpipe | B92: ML | C92: 1 | D92: =ROUND(H92*(1+$G$2),0) -> 27641 | H92: 26275
A93: MARCO REJA EN VARILLA CORRUGA 1" | B93: UN | C93: 1 | D93: 450000 | H93: 450000
A94: CONCRETO 3.000 PSI | B94: M3 | C94: 1 | D94: 938554 | H94: 938554
A95: TUBERIA NOVAFORT 8" | B95: ML | C95: 1 | D95: =ROUND(H95*(1+$G$2),0) -> 89558 | H95: 85131
A96: TUBERIA NOVAFORT 10" | B96: ML | C96: 1 | D96: =ROUND(H96*(1+$G$2),0) -> 104288 | H96: 99133
A97: PINTUTRAFICO PINTURA PLASTICA EN FRIO | B97: GAL | C97: 1 | D97: 215600

Sheet PRESUPUESTO DE OBRA
A1: PRESUPUESTO DE OBRA
A2: CONSTRUCCIÓN DE PAVIMENTO RÍGIDO EN LA CALLE 4 ENTRE CARRERAS 7 Y 8 SECTOR LA CÁRCEL DEL MUNICIPIO DE AGUADAS, CALDAS
A4: ITEM | B4: DESCRIPCION | C4: UND | D4: CONTRACTUAL
D5: CANTIDAD | E5: VR.UNITARIO | F5: VR. TOTAL
B6: PRELIMINARES
A7: 1 | B7: Localizacion y replanteo | C7: ml | D7: =+'1'!K20 -> 63.2 | E7: ='1 localizacion'!$H$42 -> 10841 | F7: =ROUND(D7*E7,0) -> 685151
A8: 2 | B8: Cerramiento con tela verde y soportes de guadua cada 2 metros | C8: ml | D8: =+'2'!K21 -> 139.4 | E8: =+'2 Cerramiento '!$H$42 -> 27593 | F8: =ROUND(D8*E8,0) -> 3846464
A9: 3 | B9: Señal preventiva y reglamentaria | C9: und | D9: =+'3'!K22 -> 6 | E9: ='3 señal '!$H$42 -> 290027 | F9: =ROUND(D9*E9,0) -> 1740162
A10: 4 | B10: Instalacion de valla institucional 2x4 | C10: und | D10: =+'4'!K22 -> 1 | E10: 1319929.5 | F10: =ROUND(D10*E10,0) -> 1319929
B11: DEMOLICIONES
A12: 5 | B12: Corte con disco abrasivo | C12: ml | D12: =+'5'!K34 -> 204.8 | E12: ='5 corte'!$H$42 -> 15493 | F12: =ROUND(D12*E12,0) -> 3172966
A13: 6 | B13: Demolicion de estructuras en concreto hidraulico Incluye andenes, graderia y cañuelas | C13: m³ | D13: =+'6'!K20 -> 54.85 | E13: ='6 demoliciones'!$H$42 -> 166137 | F13: =ROUND(D13*E13,0) -> 9112614
B14: EXCAVACION
A15: 7 | B15: En material común | C15: m³ | D15: =+'7'!K24 -> 73.96 | E15: =+'7 excavación comun '!H42 -> 57882 | F15: =ROUND(D15*E15,0) -> 4280953
A16: 8 | B16: En conglomerado | C16: m³ | D16: =+'8'!K22 -> 78.3 | E16: ='8 excavación conglomerado'!$H$42 -> 64053 | F16: =ROUND(D16*E16,0) -> 5015350
A17: 9 | B17: Retiro de material sobrante en vehiculo automotor | C17: m³ | D17: =+'9'!K21 -> 201.95 | E17: ='9 retiro '!$H$42 -> 67259 | F17: =ROUND(D17*E17,0) -> 13582955
B18: LLENOS
A19: 10 | B19: Arena para base y atraque | C19: m³ | D19: =+'10'!K19 -> 1.76 | E19: =+'10 Arena'!H42 -> 226646 | F19: =ROUND(D19*E19,0) -> 398897
A20: 11 | B20: Lleno compactado con material de la obra | C20: m³ | D20: =+'11'!K19 -> 3.97 | E20: =+'11 lleno '!H42 -> 47493 | F20: =ROUND(D20*E20,0) -> 188547
A21: 12 | B21: Sub base para pavimento compactada | C21: m³ | D21: =+'12'!K21 -> 77.58 | E21: ='12 subbase'!$H$42 -> 264105 | F21: =ROUND(D21*E21,0) -> 20489266
A22: 13 | B22: Afirmado compactado | C22: m³ | D22: =+'13'!K21 -> 39.51 | E22: =+'13 Afirmado'!H42 -> 195259 | F22: =ROUND(D22*E22,0) -> 7714683
B23: CONCRETOS
A24: 14 | B24: Concreto de 21Mpa para graderías, andenes incluye formaleta | C24: m³ | D24: =+'14'!K18 -> 0.6 | E24: =+'14 concreto 21 Mpa'!H42 -> 1104972 | F24: =ROUND(D24*E24,0) -> 662983
A25: 15 | B25: Concreto para pavimento 42MR hecho en obra incluye formaleta y acelerante a 7 días | C25: m³ | D25: =+'15'!K21 -> 69.82 | E25: ='15 concreto MR42'!$H$45 -> 1813633 | F25: =ROUND(D25*E25,0) -> 126627856
A26: 16 | B26: Suministro e instalación de bordillo en concreto de 3000 psi, ancho 15cm, altura variable, incluye formaleta | C26: ml | D26: =+'16'!K19 -> 106.4 | E26: ='16 sardinel'!$H$45 -> 95583.9 | F26: =ROUND(D26*E26,0) -> 10170127
A27: 17 | B27: Suministro e instalacion de sello elastomerico de junta de pavimento rigido 5mm | C27: ml | D27: =+'17'!K22 -> 192 | E27: ='17 sello'!$H$42 -> 18380 | F27: =ROUND(D27*E27,0) -> 3528960
B28: ACERO
A29: 18 | B29: Acero de refuerzo | C29: kg | D29: =+'18'!K32 -> 908.37 | E29: ='18 acero '!$H$42 -> 14172 | F29: =ROUND(D29*E29,0) -> 12873420
A30: 19 | B30: Canastillas para soporte de dovelas | C30: ml | D30: =+'19'!K22 -> 95.2 | E30: ='19 canastillas'!$H$42 -> 52609 | F30: =ROUND(D30*E30,0) -> 5008377
A31: 20 | B31: Suministro e instalación de malla electrosoldada 15x15cm x 4mm | C31: m2 | D31: =+'20'!K22 -> 6 | E31: =+'20 malla '!H42 -> 31573 | F31: =ROUND(D31*E31,0) -> 189438
B32: OTROS
A33: 21 | B33: Suministro e instalación de tubería PVC corrugada de 8" | C33: ml | D33: =+'21'!K19 -> 12 | E33: =+'21 tubería 8"'!H42 -> 166283 | F33: =ROUND(D33*E33,0) -> 1995396
A34: 22 | B34: Empalme a cámara | C34: und | D34: =+'22'!K19 -> 2 | E34: =+'22 empalme'!H42 -> 181097 | F34: =ROUND(D34*E34,0) -> 362194
A35: 23 | B35: Suministro, transporte e instalación sumidero transversal en concreto de 3.000 psi. Incluye reja en varilla corrugada de 1", angulo de 1 1/2" x 3/16 y platina de 1 1/2" x 3/16. Espesor muros 12cm. Incluye acero de refuerzo. | C35: ml | D35: =+'23'!K21 -> 0 | E35: =+'23 Sumidero T'!H45 -> 1940398 | F35: =ROUND(D35*E35,0) -> 0
A36: 24 | B36: Suministro, transporte e instalación de tapa con aro pozo de inspección en HF D=0.59cm para trafico pesado. | C36: Un | E36: =+'24 Tapa con aro'!H42 -> 1203517 | F36: =ROUND(D36*E36,0) -> 0
A37: 25 | B37: Suministro e instalacion demarcacion pasos peatonales, lineas de pare, símbolos, textos y otras, con pintura plástico en frío método llana | C37: m2 | D37: =+'25'!K21 -> 0 | E37: =+'25 Señalización simbolos'!H41 -> 123260 | F37: =ROUND(D37*E37,0) -> 0
A38: 26 | B38: Suministro e instalación reductor de velocidad (3,7 m. ancho x 10cms de altura) | C38: ml | D38: =+'26'!K21 -> 6 | E38: =+'26 Reductor'!H47 -> 1000784 | F38: =ROUND(D38*E38,0) -> 6004704
A39: VALOR TOTAL INCLUIDO AIU | F39: =+SUM(F7:F38) -> 238971392
A40: COSTO DIRECTO | F40: =ROUND(F39/(1+E41+E42),2) -> 1.7443167e+08
A41: ADMINISTRACION | E41: 0.32 | F41: =ROUND(F40*E41,2) -> 55818135
A42: UTILIDADES | E42: 0.05 | F42: =ROUND(F40*E42,2) -> 8721583.7
A43: VALOR TOTAL INCLUIDO AIU | F43: =ROUND(SUM(F40:F42),0) -> 238971392

Sheet PROGRAMACION
A1: PROGRAMACION DE OBRA Y FLUJO DE INVERSION
A2: ='PRESUPUESTO DE OBRA'!A2 -> CONSTRUCCIÓN DE PAVIMENTO RÍGIDO EN LA CALLE 4 ENTRE CARRERAS 7 Y 8 SECTOR LA CÁRCEL DEL MUNICIPIO DE AGUADAS, CALDAS
A5: Item | B5: Descripción | C5: Unidad | D5: v. Unitario | E5: Cantidad | F5: Total | G5: SEMANA | H5: SEMANA | I5: SEMANA | J5: SEMANA | K5: SEMANA | L5: SEMANA | M5: SEMANA | N5: SEMANA | O5: TOTAL
G6: 1 | H6: 2 | I6: 3 | J6: 4 | K6: 5 | L6: 6 | M6: 7 | N6: 8
B7: =+'PRESUPUESTO DE OBRA'!B6 -> PRELIMINARES
A8: =+'PRESUPUESTO DE OBRA'!A7 -> 1 | B8: =+'PRESUPUESTO DE OBRA'!B7 -> Localizacion y replanteo | C8: =+'PRESUPUESTO DE OBRA'!C7 -> ml | D8: =+'PRESUPUESTO DE OBRA'!E7 -> 10841 | E8: =+'PRESUPUESTO DE OBRA'!D7 -> 63.2 | F8: =+'PRESUPUESTO DE OBRA'!F7 -> 685151 | G8: =+F8 -> 685151 | O8: =+SUM(G8:N8) -> 685151
A10: =+'PRESUPUESTO DE OBRA'!A8 -> 2 | B10: =+'PRESUPUESTO DE OBRA'!B8 -> Cerramiento con tela verde y soportes de guadua cada 2 metros | C10: =+'PRESUPUESTO DE OBRA'!C8 -> ml | D10: =+'PRESUPUESTO DE OBRA'!E8 -> 27593 | E10: =+'PRESUPUESTO DE OBRA'!D8 -> 139.4 | F10: =+'PRESUPUESTO DE OBRA'!F8 -> 3846464 | G10: =+F10 -> 3846464 | O10: =+SUM(G10:N10) -> 3846464
A12: =+'PRESUPUESTO DE OBRA'!A9 -> 3 | B12: =+'PRESUPUESTO DE OBRA'!B9 -> Señal preventiva y reglamentaria | C12: =+'PRESUPUESTO DE OBRA'!C9 -> und | D12: =+'PRESUPUESTO DE OBRA'!E9 -> 290027 | E12: =+'PRESUPUESTO DE OBRA'!D9 -> 6 | F12: =+'PRESUPUESTO DE OBRA'!F9 -> 1740162 | G12: =+F12 -> 1740162 | O12: =+SUM(G12:N12) -> 1740162
A14: =+'PRESUPUESTO DE OBRA'!A10 -> 4 | B14: =+'PRESUPUESTO DE OBRA'!B10 -> Instalacion de valla institucional 2x4 | C14: =+'PRESUPUESTO DE OBRA'!C10 -> und | D14: =+'PRESUPUESTO DE OBRA'!E10 -> 1319929.5 | E14: =+'PRESUPUESTO DE OBRA'!D10 -> 1 | F14: =+'PRESUPUESTO DE OBRA'!F10 -> 1319929 | G14: =+F14 -> 1319929 | O14: =+SUM(G14:N14) -> 1319929
B16: =+'PRESUPUESTO DE OBRA'!B11 -> DEMOLICIONES
A17: =+'PRESUPUESTO DE OBRA'!A12 -> 5 | B17: =+'PRESUPUESTO DE OBRA'!B12 -> Corte con disco abrasivo | C17: =+'PRESUPUESTO DE OBRA'!C12 -> ml | D17: =+'PRESUPUESTO DE OBRA'!E12 -> 15493 | E17: =+'PRESUPUESTO DE OBRA'!D12 -> 204.8 | F17: =+'PRESUPUESTO DE OBRA'!F12 -> 3172966 | G17: =+F17 -> 3172966 | O17: =+SUM(G17:N17) -> 3172966
A19: =+'PRESUPUESTO DE OBRA'!A27 -> 17 | B19: =+'PRESUPUESTO DE OBRA'!B27 -> Suministro e instalacion de sello elastomerico de junta de pavimento rigido 5mm | C19: =+'PRESUPUESTO DE OBRA'!C27 -> ml | D19: =+'PRESUPUESTO DE OBRA'!E27 -> 18380 | E19: =+'PRESUPUESTO DE OBRA'!D27 -> 192 | F19: =+'PRESUPUESTO DE OBRA'!F27 -> 3528960 | M19: =+F19/2 -> 1764480 | N19: =+F19/2 -> 1764480 | O19: =+SUM(G19:N19) -> 3528960
A21: =+'PRESUPUESTO DE OBRA'!A13 -> 6 | B21: =+'PRESUPUESTO DE OBRA'!B13 -> Demolicion de estructuras en concreto hidraulico Incluye andenes, graderia y cañuelas | C21: =+'PRESUPUESTO DE OBRA'!C13 -> m³ | D21: =+'PRESUPUESTO DE OBRA'!E13 -> 166137 | E21: =+'PRESUPUESTO DE OBRA'!D13 -> 54.85 | F21: =+'PRESUPUESTO DE OBRA'!F13 -> 9112614 | G21: =+F21/2 -> 4556307 | H21: =+F21/2 -> 4556307 | O21: =+SUM(G21:N21) -> 9112614
B23: =+'PRESUPUESTO DE OBRA'!B14 -> EXCAVACION
A24: =+'PRESUPUESTO DE OBRA'!A16 -> 8 | B24: =+'PRESUPUESTO DE OBRA'!B16 -> En conglomerado | C24: =+'PRESUPUESTO DE OBRA'!C16 -> m³ | D24: =+'PRESUPUESTO DE OBRA'!E16 -> 64053 | E24: =+'PRESUPUESTO DE OBRA'!D16 -> 78.3 | F24: =+'PRESUPUESTO DE OBRA'!F16 -> 5015350 | H24: =+F24 -> 5015350 | O24: =+SUM(G24:N24) -> 5015350
A26: =+'PRESUPUESTO DE OBRA'!A17 -> 9 | B26: =+'PRESUPUESTO DE OBRA'!B17 -> Retiro de material sobrante en vehiculo automotor | C26: =+'PRESUPUESTO DE OBRA'!C17 -> m³ | D26: =+'PRESUPUESTO DE OBRA'!E17 -> 67259 | E26: =+'PRESUPUESTO DE OBRA'!D17 -> 201.95 | F26: =+'PRESUPUESTO DE OBRA'!F17 -> 13582955 | G26: =+F26/2 -> 6791477.5 | H26: =+G26 -> 6791477.5 | O26: =+SUM(G26:N26) -> 13582955
B28: =+'PRESUPUESTO DE OBRA'!B18 -> LLENOS
A29: =+'PRESUPUESTO DE OBRA'!A21 -> 12 | B29: =+'PRESUPUESTO DE OBRA'!B21 -> Sub base para pavimento compactada | C29: =+'PRESUPUESTO DE OBRA'!C21 -> m³ | D29: =+'PRESUPUESTO DE OBRA'!E21 -> 264105 | E29: =+'PRESUPUESTO DE OBRA'!D21 -> 77.58 | F29: =+'PRESUPUESTO DE OBRA'!F21 -> 20489266 | I29: =+F29/2 -> 10244633 | J29: =+I29 -> 10244633 | O29: =+SUM(G29:N29) -> 20489266
A31: =+'PRESUPUESTO DE OBRA'!A22 -> 13 | B31: =+'PRESUPUESTO DE OBRA'!B22 -> Afirmado compactado | C31: =+'PRESUPUESTO DE OBRA'!C22 -> m³ | D31: =+'PRESUPUESTO DE OBRA'!E22 -> 195259 | E31: =+'PRESUPUESTO DE OBRA'!D22 -> 39.51 | F31: =+'PRESUPUESTO DE OBRA'!F22 -> 7714683 | I31: =+F31/2 -> 3857341.5 | J31: =+I31 -> 3857341.5 | O31: =+SUM(G31:N31) -> 7714683
B33: =+'PRESUPUESTO DE OBRA'!B23 -> CONCRETOS | G33: =+F33/2 -> 0 | H33: =+G33 -> 0
A34: =+'PRESUPUESTO DE OBRA'!#REF! -> #REF! | B34: =+'PRESUPUESTO DE OBRA'!#REF! -> #REF! | C34: =+'PRESUPUESTO DE OBRA'!#REF! -> #REF! | D34: =+'PRESUPUESTO DE OBRA'!#REF! -> #REF! | E34: =+'PRESUPUESTO DE OBRA'!#REF! -> #REF! | F34: =+'PRESUPUESTO DE OBRA'!#REF! -> #REF! | M34: =+F34/2 -> #REF! | N34: =+F34/2 -> #REF! | O34: =+SUM(G34:N34) -> #REF!
A36: =+'PRESUPUESTO DE OBRA'!A25 -> 15 | B36: =+'PRESUPUESTO DE OBRA'!B25 -> Concreto para pavimento 42MR hecho en obra incluye formaleta y acelerante a 7 días | C36: =+'PRESUPUESTO DE OBRA'!C25 -> m³ | D36: =+'PRESUPUESTO DE OBRA'!E25 -> 1813633 | E36: =+'PRESUPUESTO DE OBRA'!D25 -> 69.82 | F36: =+'PRESUPUESTO DE OBRA'!F25 -> 126627856 | J36: =+F36/4 -> 31656964 | K36: =+F36/4 -> 31656964 | L36: =+F36/4 -> 31656964 | M36: =+F36/4 -> 31656964 | O36: =+SUM(G36:N36) -> 126627856
A38: =+'PRESUPUESTO DE OBRA'!A26 -> 16 | B38: =+'PRESUPUESTO DE OBRA'!B26 -> Suministro e instalación de bordillo en concreto de 3000 psi, ancho 15cm, altura variable, incluye formaleta | C38: =+'PRESUPUESTO DE OBRA'!C26 -> ml | D38: =+'PRESUPUESTO DE OBRA'!E26 -> 95583.9 | E38: =+'PRESUPUESTO DE OBRA'!D26 -> 106.4 | F38: =+'PRESUPUESTO DE OBRA'!F26 -> 10170127 | K38: =+F38/3 -> 3390042.3 | L38: =+F38/3 -> 3390042.3 | M38: =+F38/3 -> 3390042.3 | O38: =+SUM(G38:N38) -> 10170127
B40: =+'PRESUPUESTO DE OBRA'!B28 -> ACERO | J40: =+F41/4 -> 3218355 | K40: =+F41/4 -> 3218355 | L40: =+F41/4 -> 3218355 | M40: =+F41/4 -> 3218355 | O40: =+SUM(G40:N40) -> 12873420
A41: =+'PRESUPUESTO DE OBRA'!A29 -> 18 | B41: =+'PRESUPUESTO DE OBRA'!B29 -> Acero de refuerzo | C41: =+'PRESUPUESTO DE OBRA'!C29 -> kg | D41: =+'PRESUPUESTO DE OBRA'!E29 -> 14172 | E41: =+'PRESUPUESTO DE OBRA'!D29 -> 908.37 | F41: =+'PRESUPUESTO DE OBRA'!F29 -> 12873420
A43: =+'PRESUPUESTO DE OBRA'!A30 -> 19 | B43: =+'PRESUPUESTO DE OBRA'!B30 -> Canastillas para soporte de dovelas | C43: =+'PRESUPUESTO DE OBRA'!C30 -> ml | D43: =+'PRESUPUESTO DE OBRA'!E30 -> 52609 | E43: =+'PRESUPUESTO DE OBRA'!D30 -> 95.2 | F43: =+'PRESUPUESTO DE OBRA'!F30 -> 5008377 | J43: =+F43/4 -> 1252094.2 | K43: =+F43/4 -> 1252094.2 | L43: =+F43/4 -> 1252094.2 | M43: =+F43/4 -> 1252094.2 | O43: =+SUM(G43:N43) -> 5008377
A45: =+'PRESUPUESTO DE OBRA'!#REF! -> #REF! | B45: =+'PRESUPUESTO DE OBRA'!#REF! -> #REF! | C45: =+'PRESUPUESTO DE OBRA'!#REF! -> #REF! | D45: =+'PRESUPUESTO DE OBRA'!#REF! -> #REF! | E45: =+'PRESUPUESTO DE OBRA'!#REF! -> #REF! | F45: =+'PRESUPUESTO DE OBRA'!#REF! -> #REF! | M45: =+F45/2 -> #REF! | N45: =+M45 -> #REF! | O45: =+SUM(G45:N45) -> #REF!
A47: =+'PRESUPUESTO DE OBRA'!#REF! -> #REF! | B47: =+'PRESUPUESTO DE OBRA'!#REF! -> #REF! | C47: =+'PRESUPUESTO DE OBRA'!#REF! -> #REF! | D47: =+'PRESUPUESTO DE OBRA'!#REF! -> #REF! | E47: =+'PRESUPUESTO DE OBRA'!#REF! -> #REF! | F47: =+'PRESUPUESTO DE OBRA'!#REF! -> #REF! | G47: =+F47/2 -> #REF! | H47: =+G47 -> #REF! | O47: =+SUM(G47:L47) -> #REF!
A50: SUBTOTAL COSTO DE LAS OBRAS CIVILES | F50: =SUM(F8:F49) -> #REF! | O50: =SUM(O7:O48) -> #REF!
A51: FLUJO POR SEMANA | G51: =SUM(G8:G50) -> #REF! | H51: =SUM(H8:H50) -> #REF! | I51: =SUM(I8:I50) -> 14101974 | J51: =SUM(J8:J50) -> 50229388 | K51: =SUM(K8:K50) -> 39517456 | L51: =SUM(L8:L50) -> 39517456 | M51: =SUM(M8:M50) -> #REF! | N51: =SUM(N8:N50) -> #REF!
A52: ACUMULADO POR SEMANA | G52: =+G51 -> #REF! | H52: =G52+H51 -> #REF! | I52: =H52+I51 -> #REF! | J52: =I52+J51 -> #REF! | K52: =J52+K51 -> #REF! | L52: =K52+L51 -> #REF! | M52: =L52+M51 -> #REF! | N52: =M52+N51 -> #REF!

Sheet A.I.U.
A1: DISCRIMINACION DEL A.I.U.
A2: PROYECTO: | B2: ='PRESUPUESTO DE OBRA'!A2 -> CONSTRUCCIÓN DE PAVIMENTO RÍGIDO EN LA CALLE 4 ENTRE CARRERAS 7 Y 8 SECTOR LA CÁRCEL DEL MUNICIPIO DE AGUADAS, CALDAS
A4: Valor estimado de la Obra (Costo Directo). | E4: Valor | F4: =+'PRESUPUESTO DE OBRA'!F39/1.37 -> 1.7443167e+08
A5: Plazo estimado de ejecución | E5: Meses | F5: 3
A7: CAPITULO | B7: TIPO DE GASTO | C7: UN | D7: CANT | E7: DISPONIBILIDAD | F7: VALOR UNIT (mes) | G7: FACTOR | H7: VALOR TOTAL | I7: SUMA | J7: %
A9: 1 | B9: GASTOS GENERALES. | J9: =+I10/F4 -> 0.40253252
A10: 1.1 | B10: MANO DE OBRA Y GASTOS DE OFICINA | I10: =SUM(H11:H15) -> 70214421 | J10: =SUM(J11:J15) -> 0.40253252
B11: Ingeniero Residente de Obra | C11: Un | D11: 1 | E11: 1 | F11: 3700000 | G11: =+'ANALISIS M.O'!D26*K11 -> 2.4056942 | H11: =+D11*E11*F11*G11*$F$5 -> 26703206 | J11: =+H11/$F$4 -> 0.15308691 | K11: 1.4676922
B12: Maestro de obra | C12: Un | D12: 1 | E12: 1 | F12: 3125000 | G12: =+G11 -> 2.4056942 | H12: =+D12*E12*F12*G12*$F$5 -> 22553383 | J12: =+H12/$F$4 -> 0.12929638
B13: Profesional Social | C13: Un | D13: 1 | E13: 0.5 | F13: 2800000 | G13: =+G12 -> 2.4056942 | H13: =+D13*E13*F13*G13*$F$5 -> 10103916 | J13: =+H13/$F$4 -> 0.057924777
B14: Profesional Siso | C14: Un | D14: 1 | E14: 0.5 | F14: =+F13 -> 2800000 | G14: =+G11 -> 2.4056942 | H14: =+D14*E14*F14*G14*$F$5 -> 10103916 | J14: =+H14/$F$4 -> 0.057924777
B15: Computadores e Impresoras | C15: Mes | D15: =+F5 -> 3 | E15: 1 | F15: 250000 | H15: =+E15*$D$15*F15 -> 750000 | J15: =+H15/$F$4 -> 0.0042996778
A17: 2 | B17: GASTOS INDIRECTOS. | J17: =J18 -> 0.20139
A18: 2.2 | B18: IMPUESTOS Y VALORES AGREGADOS | I18: =SUM(H19:H26) -> 35128795 | J18: =SUM(J19:J26) -> 0.20139
B19: Contribución Especial | C19: % | D19: 0.05 | F19: =+F4 -> 1.7443167e+08 | G19: 1.37 | H19: =D19*F19*G19 -> 11948570 | J19: =+H19/$F$4 -> 0.0685
B20: Estampilla Procultura | C20: % | D20: 0.01 | F20: =+F19 -> 1.7443167e+08 | G20: =+$G$19 -> 1.37 | H20: =D20*F20*G20 -> 2389713.9 | J20: =+H20/$F$4 -> 0.0137
B21: Estampilla Prouniversidad | C21: % | D21: 0.01 | F21: =+F19 -> 1.7443167e+08 | G21: =+$G$19 -> 1.37 | H21: =D21*F21*G21 -> 2389713.9 | J21: =+H21/$F$4 -> 0.0137
B22: Estampilla Prohospital Universitario | C22: % | D22: 0.01 | F22: =+F20 -> 1.7443167e+08 | G22: =+$G$19 -> 1.37 | H22: =D22*F22*G22 -> 2389713.9 | J22: =+H22/$F$4 -> 0.0137
B23: Estampilla Proanciano | C23: % | D23: 0.04 | F23: =+F20 -> 1.7443167e+08 | G23: =+$G$19 -> 1.37 | H23: =D23*F23*G23 -> 9558855.7 | J23: =+H23/$F$4 -> 0.0548
B24: Estampilla Prodeporte | C24: % | D24: 0.015 | F24: =+F21 -> 1.7443167e+08 | G24: =+$G$19 -> 1.37 | H24: =D24*F24*G24 -> 3584570.9 | J24: =+H24/$F$4 -> 0.02055
B25: Reteica | C25: % | D25: 0.007 | F25: =+F19 -> 1.7443167e+08 | G25: =+$G$19 -> 1.37 | H25: =D25*F25*G25 -> 1672799.7 | J25: =+H25/$F$4 -> 0.00959
B26: Polizas | C26: % | D26: 0.005 | F26: =+F21 -> 1.7443167e+08 | G26: =+$G$19 -> 1.37 | H26: =D26*F26*G26 -> 1194857 | J26: =+H26/$F$4 -> 0.00685 | K26: =+F4 -> 1.7443167e+08
B27: TOTAL GASTOS ADMINISTRACION | I27: =+I10+I18 -> 1.0534322e+08 | J27: =+ROUND((I27/F4),2) -> 0.6 | K27: =K26*32% -> 55818135
B28: IMPREVISTOS | J28: 0
B29: UTILIDAD | J29: 0.05
B30: TOTAL A.I.U. | J30: =SUM(J27:J29) -> 0.65

Sheet 1
B2: MEMORIAS DE CALCULO DE CANTIDADES DE OBRA
B3: Contratista:
B4: Objeto: | C4: =+'PRESUPUESTO DE OBRA'!$A$2 -> CONSTRUCCIÓN DE PAVIMENTO RÍGIDO EN LA CALLE 4 ENTRE CARRERAS 7 Y 8 SECTOR LA CÁRCEL DEL MUNICIPIO DE AGUADAS, CALDAS
B5: Item No. | C5: Unidad | D5: Descripción | G5: Acta | J5: Fecha preacta
B6: 1 | C6: =VLOOKUP(B6,'PRESUPUESTO DE OBRA'!A:E,3,0) -> ml | D6: =VLOOKUP(B6,'PRESUPUESTO DE OBRA'!A:E,2,0) -> Localizacion y replanteo | G6: ='PRESUPUESTO DE OBRA'!A1 -> PRESUPUESTO DE OBRA
B7: Localización / Descripción | E7: Dimensiones promedio | K7: Medida Total
E8: Ancho (m) | F8: Longitud (m) | G8: Espesor / Altura (m) | H8: Área (m2) | I8: Volumen (m3) | J8: Nº Elementos
B9: Tramo 1 | F9: 32.7 | J9: 1 | K9: =J9*F9 -> 32.7
B10: Tramo 2 | F10: 7.5 | J10: 1 | K10: =J10*F10 -> 7.5
B11: Tramo 3 | F11: 13 | J11: 1 | K11: =J11*F11 -> 13
B12: Intersección | F12: 10 | J12: 1 | K12: =J12*F12 -> 10
B14: Supervisor | F14: Contratista
B20: Total Item Acumulado | K20: =+ROUND(SUM(K9:K19),2) -> 63.2

Sheet 2
B2: MEMORIAS DE CALCULO DE CANTIDADES DE OBRA
B3: Contratista:
B4: Objeto: | C4: =+'PRESUPUESTO DE OBRA'!$A$2 -> CONSTRUCCIÓN DE PAVIMENTO RÍGIDO EN LA CALLE 4 ENTRE CARRERAS 7 Y 8 SECTOR LA CÁRCEL DEL MUNICIPIO DE AGUADAS, CALDAS
B5: Item No. | C5: Unidad | D5: Descripción | G5: Acta | J5: Fecha preacta
B6: 2 | C6: =VLOOKUP(B6,'PRESUPUESTO DE OBRA'!A:E,3,0) -> ml | D6: =VLOOKUP(B6,'PRESUPUESTO DE OBRA'!A:E,2,0) -> Cerramiento con tela verde y soportes de guadua cada 2 metros | G6: ='PRESUPUESTO DE OBRA'!A1 -> PRESUPUESTO DE OBRA
B7: Localización / Descripción | E7: Dimensiones promedio | K7: Medida Total
E8: Ancho (m) | F8: Longitud (m) | G8: Espesor / Altura (m) | H8: Área (m2) | I8: Volumen (m3) | J8: Nº Elementos
B9: Tramo a intervenir | F9: =+'1'!K20 -> 63.2 | J9: 2 | K9: =J9*F9 -> 126.4
B10: Tapas laterales | F10: 6.5 | J10: 2 | K10: =J10*F10 -> 13
B15: Supervisor | F15: Contratista
B21: Total Item Acumulado | K21: =+ROUND(SUM(K9:K20),2) -> 139.4

Sheet 3
B2: MEMORIAS DE CALCULO DE CANTIDADES DE OBRA
B3: Contratista:
B4: Objeto: | C4: =+'PRESUPUESTO DE OBRA'!$A$2 -> CONSTRUCCIÓN DE PAVIMENTO RÍGIDO EN LA CALLE 4 ENTRE CARRERAS 7 Y 8 SECTOR LA CÁRCEL DEL MUNICIPIO DE AGUADAS, CALDAS
B5: Item No. | C5: Unidad | D5: Descripción | G5: Acta | J5: Fecha preacta
B6: 3 | C6: =VLOOKUP(B6,'PRESUPUESTO DE OBRA'!A:E,3,0) -> und | D6: =VLOOKUP(B6,'PRESUPUESTO DE OBRA'!A:E,2,0) -> Señal preventiva y reglamentaria | G6: ='PRESUPUESTO DE OBRA'!A1 -> PRESUPUESTO DE OBRA
B7: Localización / Descripción | E7: Dimensiones promedio | K7: Medida Total
E8: Ancho (m) | F8: Longitud (m) | G8: Espesor / Altura (m) | H8: Área (m2) | I8: Volumen (m3) | J8: Nº Elementos
B9: Señales preventivas | J9: 6 | K9: =+J9 -> 6
B16: Supervisor | F16: Contratista
B22: Total Item Acumulado | K22: =+ROUND(SUM(K9:K21),2) -> 6

Sheet 4
B2: MEMORIAS DE CALCULO DE CANTIDADES DE OBRA
B3: Contratista:
B4: Objeto: | C4: =+'PRESUPUESTO DE OBRA'!$A$2 -> CONSTRUCCIÓN DE PAVIMENTO RÍGIDO EN LA CALLE 4 ENTRE CARRERAS 7 Y 8 SECTOR LA CÁRCEL DEL MUNICIPIO DE AGUADAS, CALDAS
B5: Item No. | C5: Unidad | D5: Descripción | G5: Acta | J5: Fecha preacta
B6: 4 | C6: =VLOOKUP(B6,'PRESUPUESTO DE OBRA'!A:E,3,0) -> und | D6: =VLOOKUP(B6,'PRESUPUESTO DE OBRA'!A:E,2,0) -> Instalacion de valla institucional 2x4 | G6: ='PRESUPUESTO DE OBRA'!A1 -> PRESUPUESTO DE OBRA
B7: Localización / Descripción | E7: Dimensiones promedio | K7: Medida Total
E8: Ancho (m) | F8: Longitud (m) | G8: Espesor / Altura (m) | H8: Área (m2) | I8: Volumen (m3) | J8: Nº Elementos
B9: Valla institucional | J9: 1 | K9: =+J9 -> 1
B16: Supervisor | F16: Contratista
B22: Total Item Acumulado | K22: =+ROUND(SUM(K9:K21),2) -> 1

Sheet 5
B2: MEMORIAS DE CALCULO DE CANTIDADES DE OBRA
B3: Contratista:
B4: Objeto: | C4: =+'PRESUPUESTO DE OBRA'!$A$2 -> CONSTRUCCIÓN DE PAVIMENTO RÍGIDO EN LA CALLE 4 ENTRE CARRERAS 7 Y 8 SECTOR LA CÁRCEL DEL MUNICIPIO DE AGUADAS, CALDAS
B5: Item No. | C5: Unidad | D5: Descripción | G5: Acta | J5: Fecha preacta
B6: 5 | C6: =VLOOKUP(B6,'PRESUPUESTO DE OBRA'!A:E,3,0) -> ml | D6: =VLOOKUP(B6,'PRESUPUESTO DE OBRA'!A:E,2,0) -> Corte con disco abrasivo | G6: ='PRESUPUESTO DE OBRA'!A1 -> PRESUPUESTO DE OBRA
B7: Localización / Descripción | E7: Dimensiones promedio | K7: Medida Total
E8: Ancho (m) | F8: Longitud (m) | G8: Espesor / Altura (m) | H8: Área (m2) | I8: Volumen (m3) | J8: Nº Elementos
B9: PARA DEMOLICIONES
B10: Andenes margen derecho cárcel | F10: =+'1'!F10 -> 7.5 | J10: 1 | K10: =J10*F10 -> 7.5
B11: Ancho pavimento tramo 1 | F11: 5.3 | J11: 1 | K11: =J11*F11 -> 5.3
M12: Modulación tramo 1 | N12: Ancho calzada | O12: 5.3 | P12: (si ancho calzada > 7.6m, dividir en 4)
B13: PARA SELLOS | N13: Número carriles | O13: 2
B14: Corte longitudinal para instalación de sellos tramo 1 | F14: =+'1'!F9 -> 32.7 | J14: 1 | K14: =J14*F14 -> 32.7 | N14: Ancho losa | O14: =+O12/O13 -> 2.65
B15: Corte transversal para instalación de sellos tramo 1 | F15: =+O14 -> 2.65 | J15: =+O17*O13 -> 22 | K15: =+J15*F15 -> 58.3 | N15: Factor | O15: 1.2298259 | P15: (Largo losa/Ancho losa entre 1 y 1.3)
N16: Largo losa | O16: =+ROUND(O14*O15,2) -> 3.26 | P16: Máximo 5m
B17: Corte longitudinal para instalación de sellos tramo 2 | F17: =+'1'!F10 -> 7.5 | J17: 1 | K17: =+J17*F17 -> 7.5 | N17: #JUNTAS | O17: =+ROUND(F14/O16,0)+1 -> 11
B18: Corte transversal para instalación de sellos tramo 2 | F18: =+O22 -> 3.6 | J18: =+O25*O21 -> 6 | K18: =+J18*F18 -> 21.6 | N18: Chequeo | O18: =+(O17-1)*O16 -> 32.6
B20: Corte longitudinal para instalación de sellos Intersección | F20: =+'1'!F12 -> 10 | J20: 1 | K20: =+J20*F20 -> 10 | M20: Modulación tramo 2 | N20: Ancho calzada | O20: 7.2 | P20: (si ancho calzada > 7.6m, dividir en 4)
B21: Corte transversal para instalación de sellos Intersección | F21: =+O30 -> 3.35 | J21: =+O33*O29 -> 6 | K21: =+J21*F21 -> 20.1 | N21: Número carriles | O21: 2
N22: Ancho losa | O22: =+O20/O21 -> 3.6
B23: Corte longitudinal para instalación de sellos tramo 3 | F23: =+'1'!F11 -> 13 | J23: 1 | K23: =+J23*F23 -> 13 | N23: Factor | O23: 1.0423844 | P23: (Largo losa/Ancho losa entre 1 y 1.3)
B24: Corte transversal para instalación de sellos tramo 3 | F24: =+O38 -> 3.6 | J24: =+O41*O37 -> 8 | K24: =+J24*F24 -> 28.8 | N24: Largo losa | O24: =+ROUND(O22*O23,2) -> 3.75 | P24: Máximo 5m
N25: #JUNTAS | O25: =+ROUND(F17/O24,0)+1 -> 3
K26: =+J26*F26 -> 0 | N26: Chequeo | O26: =+(O25-1)*O24 -> 7.5
K27: =+J27*F27 -> 0
B28: Supervisor | F28: Contratista | M28: Modulación Intersección | N28: Ancho calzada | O28: 6.7 | P28: (si ancho calzada > 7.6m, dividir en 4)
N29: Número carriles | O29: 2
N30: Ancho losa | O30: =+O28/O29 -> 3.35
N31: Factor | O31: 1.3737134 | P31: (Largo losa/Ancho losa entre 1 y 1.3)
N32: Largo losa | O32: =+ROUND(O30*O31,2) -> 4.6 | P32: Máximo 5m
N33: #JUNTAS | O33: =+ROUND(F20/O32,0)+1 -> 3
B34: Total Item Acumulado | K34: =+ROUND(SUM(K9:K33),2) -> 204.8 | N34: Chequeo | O34: =+(O33-1)*O32 -> 9.2
M36: Modulación tramo 3 (pendiente) | N36: Ancho calzada | O36: 7.2 | P36: (si ancho calzada > 7.6m, dividir en 4)
N37: Número carriles | O37: 2
N38: Ancho losa | O38: =+O36/O37 -> 3.6
N39: Factor | O39: 1.268 | P39: (Largo losa/Ancho losa entre 1 y 1.3)
N40: Largo losa | O40: =+ROUND(O38*O39,2) -> 4.56 | P40: Máximo 5m
N41: #JUNTAS | O41: =+ROUND(F23/O40,0)+1 -> 4
N42: Chequeo | O42: =+(O41-1)*O40 -> 13.68

Sheet 6
B2: MEMORIAS DE CALCULO DE CANTIDADES DE OBRA
B3: Contratista:
B4: Objeto: | C4: =+'PRESUPUESTO DE OBRA'!$A$2 -> CONSTRUCCIÓN DE PAVIMENTO RÍGIDO EN LA CALLE 4 ENTRE CARRERAS 7 Y 8 SECTOR LA CÁRCEL DEL MUNICIPIO DE AGUADAS, CALDAS
B5: Item No. | C5: Unidad | D5: Descripción | G5: Acta | J5: Fecha preacta
B6: 6 | C6: =VLOOKUP(B6,'PRESUPUESTO DE OBRA'!A:E,3,0) -> m³ | D6: =VLOOKUP(B6,'PRESUPUESTO DE OBRA'!A:E,2,0) -> Demolicion de estructuras en concreto hidraulico Incluye andenes, graderia y cañuelas | G6: ='PRESUPUESTO DE OBRA'!A1 -> PRESUPUESTO DE OBRA
B7: Localización / Descripción | E7: Dimensiones promedio | K7: Medida Total
E8: Ancho (m) | F8: Longitud (m) | G8: Espesor / Altura (m) | H8: Área (m2) | I8: Volumen (m3) | J8: Nº Elementos
B9: Pavimento tramo 1 | E9: =+'5'!F11 -> 5.3 | F9: =+'1'!F9 -> 32.7 | G9: 0.17 | J9: 1 | K9: =J9*G9*F9*E9 -> 29.4627
B10: Pavimento tramo 2 | E10: =+'5'!O20 -> 7.2 | F10: =+'5'!F10 -> 7.5 | G10: =+G9 -> 0.17 | J10: 1 | K10: =J10*G10*F10*E10 -> 9.18
B11: Pavimento Intersección | E11: =+'5'!O28 -> 6.7 | F11: =+'5'!F20 -> 10 | G11: =+G10 -> 0.17 | J11: 1 | K11: =J11*G11*F11*E11 -> 11.39
B12: Pavimento TRAMO 3 | E12: =+'5'!O36 -> 7.2 | F12: =+'5'!F21 -> 3.35 | G12: =+G11 -> 0.17 | J12: 1 | K12: =J12*G12*F12*E12 -> 4.1004
B13: Andenes margen derecho cárcel | E13: 0.8 | F13: =+'1'!F10 -> 7.5 | G13: 0.12 | J13: 1 | K13: =J13*G13*F13*E13 -> 0.72
B14: Supervisor | F14: Contratista
B20: Total Item Acumulado | K20: =+ROUND(SUM(K9:K19),2) -> 54.85

Sheet 7
B2: MEMORIAS DE CALCULO DE CANTIDADES DE OBRA
B3: Contratista:
B4: Objeto: | C4: =+'PRESUPUESTO DE OBRA'!$A$2 -> CONSTRUCCIÓN DE PAVIMENTO RÍGIDO EN LA CALLE 4 ENTRE CARRERAS 7 Y 8 SECTOR LA CÁRCEL DEL MUNICIPIO DE AGUADAS, CALDAS
B5: Item No. | C5: Unidad | D5: Descripción | G5: Acta | J5: Fecha preacta
B6: 7 | C6: =VLOOKUP(B6,'PRESUPUESTO DE OBRA'!A:E,3,0) -> m³ | D6: =VLOOKUP(B6,'PRESUPUESTO DE OBRA'!A:E,2,0) -> En material común | G6: ='PRESUPUESTO DE OBRA'!A1 -> PRESUPUESTO DE OBRA
B7: Localización / Descripción | E7: Dimensiones promedio | K7: Medida Total
E8: Ancho (m) | F8: Longitud (m) | G8: Espesor / Altura (m) | H8: Área (m2) | I8: Volumen (m3) | J8: Nº Elementos
B9: Tramo 1 | E9: =+'5'!O12 -> 5.3 | F9: =+'5'!F14 -> 32.7 | G9: 0.17 | J9: 1 | K9: =+PRODUCT(E9:J9) -> 29.4627
B10: Tramo 2 | E10: =+'5'!O20 -> 7.2 | F10: =+'5'!F17 -> 7.5 | G10: =+G9 -> 0.17 | J10: 1 | K10: =+PRODUCT(E10:J10) -> 9.18
B11: Tramo 3 | E11: =+'5'!O36 -> 7.2 | F11: =+'5'!F23 -> 13 | G11: =+G10 -> 0.17 | J11: 1 | K11: =+PRODUCT(E11:J11) -> 15.912
B12: Intersección | E12: =+'5'!O28 -> 6.7 | F12: =+'5'!F20 -> 10 | G12: =+G11 -> 0.17 | J12: 1 | K12: =+PRODUCT(E12:J12) -> 11.39
B13: Sumidero tipo sifón | G13: 0.2 | H13: =+(1.2*0.6)+(0.6*0.2) -> 0.84 | J13: 2 | K13: =+PRODUCT(E13:J13) -> 0.336
B14: Tubería 8" de sumidero | E14: 0.8 | F14: 6 | G14: 0.8 | J14: 2 | K14: =+PRODUCT(E14:J14) -> 7.68
B18: Supervisor | F18: Contratista
B24: Total Item Acumulado | K24: =+ROUND(SUM(K9:K23),2) -> 73.96

Sheet 8
B2: MEMORIAS DE CALCULO DE CANTIDADES DE OBRA
B3: Contratista:
B4: Objeto: | C4: =+'PRESUPUESTO DE OBRA'!$A$2 -> CONSTRUCCIÓN DE PAVIMENTO RÍGIDO EN LA CALLE 4 ENTRE CARRERAS 7 Y 8 SECTOR LA CÁRCEL DEL MUNICIPIO DE AGUADAS, CALDAS
B5: Item No. | C5: Unidad | D5: Descripción | G5: Acta | J5: Fecha preacta
B6: 8 | C6: =VLOOKUP(B6,'PRESUPUESTO DE OBRA'!A:E,3,0) -> m³ | D6: =VLOOKUP(B6,'PRESUPUESTO DE OBRA'!A:E,2,0) -> En conglomerado | G6: ='PRESUPUESTO DE OBRA'!A1 -> PRESUPUESTO DE OBRA
B7: Localización / Descripción | E7: Dimensiones promedio | K7: Medida Total
E8: Ancho (m) | F8: Longitud (m) | G8: Espesor / Altura (m) | H8: Área (m2) | I8: Volumen (m3) | J8: Nº Elementos
B9: =+'7'!B9:D9 -> Tramo 1 | E9: =+'7'!E9 -> 5.3 | F9: =+'7'!F9 -> 32.7 | G9: 0.2 | J9: =+'7'!J9 -> 1 | K9: =+PRODUCT(E9:J9) -> 34.662
B10: =+'7'!B10:D10 -> Tramo 2 | E10: =+'7'!E10 -> 7.2 | F10: =+'7'!F10 -> 7.5 | G10: =+G9 -> 0.2 | J10: =+'7'!J10 -> 1 | K10: =+PRODUCT(E10:J10) -> 10.8
B11: =+'7'!B11:D11 -> Tramo 3 | E11: =+'7'!E11 -> 7.2 | F11: =+'7'!F11 -> 13 | G11: =+G10 -> 0.2 | J11: =+'7'!J11 -> 1 | K11: =+PRODUCT(E11:J11) -> 18.72
B12: =+'7'!B12:D12 -> Intersección | E12: =+'7'!E12 -> 6.7 | F12: =+'7'!F12 -> 10 | G12: =+G11 -> 0.2 | J12: =+'7'!J12 -> 1 | K12: =+PRODUCT(E12:J12) -> 13.4
B13: =+'6'!B13:D13 -> Andenes margen derecho cárcel | E13: =+'6'!E13 -> 0.8 | F13: =+'6'!F13 -> 7.5 | G13: 0.12 | J13: 1 | K13: =+PRODUCT(E13:J13) -> 0.72
K14: =+PRODUCT(E14:J14) -> 0
B16: Supervisor | F16: Contratista
B22: Total Item Acumulado | K22: =+ROUND(SUM(K9:K21),2) -> 78.3

Sheet 9
B2: MEMORIAS DE CALCULO DE CANTIDADES DE OBRA
B3: Contratista:
B4: Objeto: | C4: =+'PRESUPUESTO DE OBRA'!$A$2 -> CONSTRUCCIÓN DE PAVIMENTO RÍGIDO EN LA CALLE 4 ENTRE CARRERAS 7 Y 8 SECTOR LA CÁRCEL DEL MUNICIPIO DE AGUADAS, CALDAS
B5: Item No. | C5: Unidad | D5: Descripción | G5: Acta | J5: Fecha preacta
B6: 9 | C6: =VLOOKUP(B6,'PRESUPUESTO DE OBRA'!A:E,3,0) -> m³ | D6: =VLOOKUP(B6,'PRESUPUESTO DE OBRA'!A:E,2,0) -> Retiro de material sobrante en vehiculo automotor | G6: ='PRESUPUESTO DE OBRA'!A1 -> PRESUPUESTO DE OBRA
B7: Localización / Descripción | E7: Dimensiones promedio | K7: Medida Total
E8: Ancho (m) | F8: Longitud (m) | G8: Espesor / Altura (m) | H8: Área (m2) | I8: Volumen (m3) | J8: Nº Elementos / factor de expansión
B9: Retiro material de demolición ITEM 6 | I9: =+'6'!K20 -> 54.85 | J9: 1 | K9: =J9*I9 -> 54.85
B10: Retiro material de excavación en material ITEM 7 material común | I10: =+'7'!K24 -> 73.96 | J10: 1 | K10: =+J10*I10 -> 73.96
B11: Retiro material de excavación en material ITEM 8 conglomerado | I11: =+'8'!K22 -> 78.3 | J11: 1 | K11: =+J11*I11 -> 78.3
B12: Descuento llenos ITEM 11 | I12: =+'11'!K19 -> 3.97 | J12: -1.3 | K12: =+J12*I12 -> -5.161
B15: Supervisor | F15: Contratista
B21: Total Item Acumulado | K21: =+ROUND(SUM(K9:K20),2) -> 201.95

Sheet 10
B2: MEMORIAS DE CALCULO DE CANTIDADES DE OBRA
B3: Contratista:
B4: Objeto: | C4: =+'PRESUPUESTO DE OBRA'!$A$2 -> CONSTRUCCIÓN DE PAVIMENTO RÍGIDO EN LA CALLE 4 ENTRE CARRERAS 7 Y 8 SECTOR LA CÁRCEL DEL MUNICIPIO DE AGUADAS, CALDAS
B5: Item No. | C5: Unidad | D5: Descripción | G5: Acta | J5: Fecha preacta
B6: 10 | C6: =VLOOKUP(B6,'PRESUPUESTO DE OBRA'!A:E,3,0) -> m³ | D6: =VLOOKUP(B6,'PRESUPUESTO DE OBRA'!A:E,2,0) -> Arena para base y atraque | G6: ='PRESUPUESTO DE OBRA'!A1 -> PRESUPUESTO DE OBRA
B7: Localización / Descripción | E7: Dimensiones promedio | K7: Medida Total
E8: Ancho (m) | F8: Longitud (m) | G8: Espesor / Altura (m) | H8: Área (m2) | I8: Volumen (m3) | J8: Nº Elementos
B9: Tubería 8" sumidero tipo sifón hasta cámara | E9: =+'7'!E14 -> 0.8 | F9: =+'7'!F14 -> 6 | G9: =+(8*0.0254)/2 -> 0.1016 | J9: 2 | K9: =+PRODUCT(E9:J9) -> 0.97536
B10: Medio tubo 8" | E10: =+E9 -> 0.8 | F10: =+F9 -> 6 | G10: =+(8*0.0254)/2 -> 0.1016 | J10: 2 | K10: =+PRODUCT(E10:J10) -> 0.97536
B11: Descuento medio tubo 8" | F11: =+F10 -> 6 | H11: =ROUND(PI()*(8*0.0254/2)^2/2,3) -> 0.016 | J11: =-J10 -> -2 | K11: =+PRODUCT(E11:J11) -> -0.192
B13: Supervisor | F13: Contratista
B19: Total Item Acumulado | K19: =+ROUND(SUM(K9:K18),2) -> 1.76

Sheet 11
B2: MEMORIAS DE CALCULO DE CANTIDADES DE OBRA
B3: Contratista:
B4: Objeto: | C4: =+'PRESUPUESTO DE OBRA'!$A$2 -> CONSTRUCCIÓN DE PAVIMENTO RÍGIDO EN LA CALLE 4 ENTRE CARRERAS 7 Y 8 SECTOR LA CÁRCEL DEL MUNICIPIO DE AGUADAS, CALDAS
B5: Item No. | C5: Unidad | D5: Descripción | G5: Acta | J5: Fecha preacta
B6: 11 | C6: =VLOOKUP(B6,'PRESUPUESTO DE OBRA'!A:E,3,0) -> m³ | D6: =VLOOKUP(B6,'PRESUPUESTO DE OBRA'!A:E,2,0) -> Lleno compactado con material de la obra | G6: ='PRESUPUESTO DE OBRA'!A1 -> PRESUPUESTO DE OBRA
B7: Localización / Descripción | E7: Dimensiones promedio | K7: Medida Total
E8: Ancho (m) | F8: Longitud (m) | G8: Espesor / Altura (m) | H8: Área (m2) | I8: Volumen (m3) | J8: Nº Elementos
B9: =+'10'!B9:D9 -> Tubería 8" sumidero tipo sifón hasta cámara | E9: =+'7'!E14 -> 0.8 | F9: =+'7'!F14 -> 6 | G9: =+'7'!G14 -> 0.8 | J9: 2 | K9: =+PRODUCT(E9:J9) -> 7.68
B10: Descuento por arena ITEM 11 | I10: =+'10'!K19 -> 1.76 | J10: =-J9 -> -2 | K10: =+PRODUCT(E10:J10) -> -3.52
B11: Descuento medio tubo 8" | F11: =+SUM(F9:F9) -> 6 | H11: =ROUND(PI()*(8*0.0254/2)^2/2,3) -> 0.016 | J11: =-J9 -> -2 | K11: =+PRODUCT(E11:J11) -> -0.192
B13: Supervisor | F13: Contratista
B19: Total Item Acumulado | K19: =+ROUND(SUM(K9:K18),2) -> 3.97

Sheet 12
B2: MEMORIAS DE CALCULO DE CANTIDADES DE OBRA
B3: Contratista:
B4: Objeto: | C4: =+'PRESUPUESTO DE OBRA'!$A$2 -> CONSTRUCCIÓN DE PAVIMENTO RÍGIDO EN LA CALLE 4 ENTRE CARRERAS 7 Y 8 SECTOR LA CÁRCEL DEL MUNICIPIO DE AGUADAS, CALDAS
B5: Item No. | C5: Unidad | D5: Descripción | G5: Acta | J5: Fecha preacta
B6: 12 | C6: =VLOOKUP(B6,'PRESUPUESTO DE OBRA'!A:E,3,0) -> m³ | D6: =VLOOKUP(B6,'PRESUPUESTO DE OBRA'!A:E,2,0) -> Sub base para pavimento compactada | G6: ='PRESUPUESTO DE OBRA'!A1 -> PRESUPUESTO DE OBRA
B7: Localización / Descripción | E7: Dimensiones promedio | K7: Medida Total
E8: Ancho (m) | F8: Longitud (m) | G8: Espesor / Altura (m) | H8: Área (m2) | I8: Volumen (m3) | J8: Nº Elementos
B9: =+'8'!B9:D9 -> Tramo 1 | E9: =+'8'!E9 -> 5.3 | F9: =+'8'!F9 -> 32.7 | G9: 0.2 | J9: 1 | K9: =+J9*G9*F9*E9 -> 34.662
B10: =+'8'!B10:D10 -> Tramo 2 | E10: =+'8'!E10 -> 7.2 | F10: =+'8'!F10 -> 7.5 | G10: =+G9 -> 0.2 | J10: 1 | K10: =+J10*G10*F10*E10 -> 10.8
B11: =+'8'!B11:D11 -> Tramo 3 | E11: =+'8'!E11 -> 7.2 | F11: =+'8'!F11 -> 13 | G11: =+G10 -> 0.2 | J11: 1 | K11: =+J11*G11*F11*E11 -> 18.72
B12: =+'8'!B12:D12 -> Intersección | E12: =+'8'!E12 -> 6.7 | F12: =+'8'!F12 -> 10 | G12: =+G11 -> 0.2 | J12: 1 | K12: =+J12*G12*F12*E12 -> 13.4
B15: Supervisor | F15: Contratista
B21: Total Item Acumulado | K21: =+ROUND(SUM(K9:K20),2) -> 77.58

Sheet 13
B2: MEMORIAS DE CALCULO DE CANTIDADES DE OBRA
B3: Contratista:
B4: Objeto: | C4: =+'PRESUPUESTO DE OBRA'!$A$2 -> CONSTRUCCIÓN DE PAVIMENTO RÍGIDO EN LA CALLE 4 ENTRE CARRERAS 7 Y 8 SECTOR LA CÁRCEL DEL MUNICIPIO DE AGUADAS, CALDAS
B5: Item No. | C5: Unidad | D5: Descripción | G5: Acta | J5: Fecha preacta
B6: 13 | C6: =VLOOKUP(B6,'PRESUPUESTO DE OBRA'!A:E,3,0) -> m³ | D6: =VLOOKUP(B6,'PRESUPUESTO DE OBRA'!A:E,2,0) -> Afirmado compactado | G6: ='PRESUPUESTO DE OBRA'!A1 -> PRESUPUESTO DE OBRA
B7: Localización / Descripción | E7: Dimensiones promedio | K7: Medida Total
E8: Ancho (m) | F8: Longitud (m) | G8: Espesor / Altura (m) | H8: Área (m2) | I8: Volumen (m3) | J8: Nº Elementos
B9: =+'12'!B9:D9 -> Tramo 1 | E9: =+'12'!E9 -> 5.3 | F9: =+'12'!F9 -> 32.7 | G9: 0.1 | J9: 1 | K9: =+J9*G9*F9*E9 -> 17.331
B10: =+'12'!B10:D10 -> Tramo 2 | E10: =+'12'!E10 -> 7.2 | F10: =+'12'!F10 -> 7.5 | G10: =+G9 -> 0.1 | J10: 1 | K10: =+J10*G10*F10*E10 -> 5.4
B11: =+'12'!B11:D11 -> Tramo 3 | E11: =+'12'!E11 -> 7.2 | F11: =+'12'!F11 -> 13 | G11: =+G10 -> 0.1 | J11: 1 | K11: =+J11*G11*F11*E11 -> 9.36
B12: =+'12'!B12:D12 -> Intersección | E12: =+'12'!E12 -> 6.7 | F12: =+'12'!F12 -> 10 | G12: =+G11 -> 0.1 | J12: 1 | K12: =+J12*G12*F12*E12 -> 6.7
B13: =+'8'!B13:D13 -> Andenes margen derecho cárcel | E13: =+'6'!E13 -> 0.8 | F13: =+'6'!F13 -> 7.5 | G13: 0.12 | J13: 1 | K13: =+J13*G13*F13*E13 -> 0.72
B15: Supervisor | F15: Contratista
B21: Total Item Acumulado | K21: =+ROUND(SUM(K9:K20),2) -> 39.51

Sheet 14
B2: MEMORIAS DE CALCULO DE CANTIDADES DE OBRA
B3: Contratista:
B4: Objeto: | C4: =+'PRESUPUESTO DE OBRA'!$A$2 -> CONSTRUCCIÓN DE PAVIMENTO RÍGIDO EN LA CALLE 4 ENTRE CARRERAS 7 Y 8 SECTOR LA CÁRCEL DEL MUNICIPIO DE AGUADAS, CALDAS
B5: Item No. | C5: Unidad | D5: Descripción | G5: Acta | J5: Fecha preacta
B6: 14 | C6: =VLOOKUP(B6,'PRESUPUESTO DE OBRA'!A:E,3,0) -> m³ | D6: =VLOOKUP(B6,'PRESUPUESTO DE OBRA'!A:E,2,0) -> Concreto de 21Mpa para graderías, andenes incluye formaleta | G6: ='PRESUPUESTO DE OBRA'!A1 -> PRESUPUESTO DE OBRA
B7: Localización / Descripción | E7: Dimensiones promedio | K7: Medida Total
E8: Ancho (m) | F8: Longitud (m) | G8: Espesor / Altura (m) | H8: Área (m2) | I8: Volumen (m3) | J8: Nº Elementos
B9: =+'8'!B13:D13 -> Andenes margen derecho cárcel | E9: =+'8'!E13 -> 0.8 | F9: =+'8'!F13 -> 7.5 | G9: 0.1 | J9: 1 | K9: =+J9*G9*F9*E9 -> 0.6
B12: Supervisor | F12: Contratista
B18: Total Item Acumulado | K18: =+ROUND(SUM(K9:K17),2) -> 0.6

Sheet 15
B2: MEMORIAS DE CALCULO DE CANTIDADES DE OBRA
B3: Contratista:
B4: Objeto: | C4: =+'PRESUPUESTO DE OBRA'!$A$2 -> CONSTRUCCIÓN DE PAVIMENTO RÍGIDO EN LA CALLE 4 ENTRE CARRERAS 7 Y 8 SECTOR LA CÁRCEL DEL MUNICIPIO DE AGUADAS, CALDAS
B5: Item No. | C5: Unidad | D5: Descripción | G5: Acta | J5: Fecha preacta
B6: 15 | C6: =VLOOKUP(B6,'PRESUPUESTO DE OBRA'!A:E,3,0) -> m³ | D6: =VLOOKUP(B6,'PRESUPUESTO DE OBRA'!A:E,2,0) -> Concreto para pavimento 42MR hecho en obra incluye formaleta y acelerante a 7 días | G6: ='PRESUPUESTO DE OBRA'!A1 -> PRESUPUESTO DE OBRA
B7: Localización / Descripción | E7: Dimensiones promedio | K7: Medida Total
E8: Ancho (m) | F8: Longitud (m) | G8: Espesor / Altura (m) | H8: Área (m2) | I8: Volumen (m3) | J8: Nº Elementos
B9: =+'12'!B9:D9 -> Tramo 1 | E9: =+'12'!E9 -> 5.3 | F9: =+'12'!F9 -> 32.7 | G9: 0.18 | J9: 1 | K9: =J9*G9*F9*E9 -> 31.1958
B10: =+'12'!B10:D10 -> Tramo 2 | E10: =+'12'!E10 -> 7.2 | F10: =+'12'!F10 -> 7.5 | G10: =+G9 -> 0.18 | J10: 1 | K10: =J10*G10*F10*E10 -> 9.72
B11: =+'12'!B11:D11 -> Tramo 3 | E11: =+'12'!E11 -> 7.2 | F11: =+'12'!F11 -> 13 | G11: =+G10 -> 0.18 | J11: 1 | K11: =J11*G11*F11*E11 -> 16.848
B12: =+'12'!B12:D12 -> Intersección | E12: =+'12'!E12 -> 6.7 | F12: =+'12'!F12 -> 10 | G12: =+G11 -> 0.18 | J12: 1 | K12: =J12*G12*F12*E12 -> 12.06
B15: Supervisor | F15: Contratista
B21: Total Item Acumulado | K21: =+ROUND(SUM(K9:K20),2) -> 69.82

Sheet 16
B2: MEMORIAS DE CALCULO DE CANTIDADES DE OBRA
B3: Contratista:
B4: Objeto: | C4: =+'PRESUPUESTO DE OBRA'!$A$2 -> CONSTRUCCIÓN DE PAVIMENTO RÍGIDO EN LA CALLE 4 ENTRE CARRERAS 7 Y 8 SECTOR LA CÁRCEL DEL MUNICIPIO DE AGUADAS, CALDAS
B5: Item No. | C5: Unidad | D5: Descripción | G5: Acta | J5: Fecha preacta
B6: 16 | C6: =VLOOKUP(B6,'PRESUPUESTO DE OBRA'!A:E,3,0) -> ml | D6: =VLOOKUP(B6,'PRESUPUESTO DE OBRA'!A:E,2,0) -> Suministro e instalación de bordillo en concreto de 3000 psi, ancho 15cm, altura variable, incluye formaleta | G6: ='PRESUPUESTO DE OBRA'!A1 -> PRESUPUESTO DE OBRA
B7: Localización / Descripción | E7: Dimensiones promedio | K7: Medida Total
E8: Ancho (m) | F8: Longitud (m) | G8: Espesor / Altura (m) | H8: Área (m2) | I8: Volumen (m3) | J8: Nº Elementos
B9: Lateral a todos los tramos | F9: =+'1'!F9+'1'!F10 -> 40.2 | J9: 2 | K9: =J9*F9 -> 80.4
B10: Lateral TRAMO 3 | F10: =+'1'!F11 -> 13 | J10: 2 | K10: =J10*F10 -> 26
K11: =J11*F11 -> 0
B13: Supervisor | F13: Contratista
B19: Total Item Acumulado | K19: =+ROUND(SUM(K9:K17),2) -> 106.4

Sheet 17
B2: MEMORIAS DE CALCULO DE CANTIDADES DE OBRA
B3: Contratista:
B4: Objeto: | C4: =+'PRESUPUESTO DE OBRA'!$A$2 -> CONSTRUCCIÓN DE PAVIMENTO RÍGIDO EN LA CALLE 4 ENTRE CARRERAS 7 Y 8 SECTOR LA CÁRCEL DEL MUNICIPIO DE AGUADAS, CALDAS
B5: Item No. | C5: Unidad | D5: Descripción | G5: Acta | J5: Fecha preacta
B6: 17 | C6: =VLOOKUP(B6,'PRESUPUESTO DE OBRA'!A:E,3,0) -> ml | D6: =VLOOKUP(B6,'PRESUPUESTO DE OBRA'!A:E,2,0) -> Suministro e instalacion de sello elastomerico de junta de pavimento rigido 5mm | G6: ='PRESUPUESTO DE OBRA'!A1 -> PRESUPUESTO DE OBRA
B7: Localización / Descripción | E7: Dimensiones promedio | K7: Medida Total
E8: Ancho (m) | F8: Longitud (m) | G8: Espesor / Altura (m) | H8: Área (m2) | I8: Volumen (m3) | J8: Nº Elementos
B9: Cortes para sellos del item 5 | F9: =+SUM('5'!K14:K27) -> 192 | J9: ='5'!J14 -> 1 | K9: =J9*F9 -> 192
B16: Supervisor | F16: Contratista
B22: Total Item Acumulado | K22: =+ROUND(SUM(K9:K21),2) -> 192

Sheet 18
B2: MEMORIAS DE CALCULO DE CANTIDADES DE OBRA
B3: Contratista:
B4: Objeto: | C4: =+'PRESUPUESTO DE OBRA'!$A$2 -> CONSTRUCCIÓN DE PAVIMENTO RÍGIDO EN LA CALLE 4 ENTRE CARRERAS 7 Y 8 SECTOR LA CÁRCEL DEL MUNICIPIO DE AGUADAS, CALDAS
B5: Item No. | C5: Unidad | D5: Descripción | G5: Acta | J5: Fecha preacta
B6: 18 | C6: =VLOOKUP(B6,'PRESUPUESTO DE OBRA'!A:E,3,0) -> kg | D6: =VLOOKUP(B6,'PRESUPUESTO DE OBRA'!A:E,2,0) -> Acero de refuerzo | G6: ='PRESUPUESTO DE OBRA'!A1 -> PRESUPUESTO DE OBRA
B7: Localización / Descripción | E7: Dimensiones promedio | K7: Medida Total
E8: Ancho (m) | F8: Longitud (m) | G8: Repeticiones | H8: Diametro de varilla | I8: Peso (Kg/ml) | J8: Nº Elementos
B9: Refuerzo de platos longitudinal Intersección | F9: =+'5'!O32 -> 4.6 | G9: =(ROUND(F10/0.2,0)+1) -> 18 | H9: 1/2" | I9: 0.996 | J9: 4 | K9: =J9*I9*G9*F9 -> 329.8752
B10: Refuerzo de platos tranversal Intersección | F10: =+'5'!O30 -> 3.35 | G10: =(ROUND(F9/0.2,0)+1) -> 24 | H10: 1/2" | I10: 0.996 | J10: =+J9 -> 4 | K10: =J10*I10*G10*F10 -> 320.3136
B11: Refuerzo de platos longitudinal tramo 3 | F11: =+'5'!O32 -> 4.6 | G11: =(ROUND(F12/0.2,0)+1) -> 18 | H11: 1/2" | I11: 0.996 | J11: 0 | K11: =J11*I11*G11*F11 -> 0
B12: Refuerzo de platos tranversal tramo 3 | F12: =+'5'!O30 -> 3.35 | G12: =(ROUND(F11/0.2,0)+1) -> 24 | H12: 1/2" | I12: 0.996 | J12: 0 | K12: =J12*I12*G12*F12 -> 0
B13: Refuerzo de platos longitudinal tramo 4 | F13: =+'5'!F23 -> 13 | G13: =(ROUND(F14/0.2,0)+1) -> #REF! | H13: 1/2" | I13: 0.996 | J13: 0 | K13: =J13*I13*G13*F13 -> #REF!
B14: Refuerzo de platos tranversal tramo 4 | F14: =+'5'!#REF! -> #REF! | G14: =(ROUND(F13/0.2,0)+1) -> 66 | H14: 1/2" | I14: 0.996 | J14: 0 | K14: =J14*I14*G14*F14 -> #REF!
B15: Refuerzo de platos longitudinal tramo 5 | F15: =+'5'!O40 -> 4.56 | G15: =(ROUND(F16/0.2,0)+1) -> 19 | H15: 1/2" | I15: 0.996 | J15: 8 | K15: =J15*I15*G15*F15 -> 690.34752
B16: Refuerzo de platos tranversal tramo 5 | F16: =+'5'!O38 -> 3.6 | G16: =(ROUND(F15/0.2,0)+1) -> 24 | H16: 1/2" | I16: 0.996 | J16: =+J15 -> 8 | K16: =J16*I16*G16*F16 -> 688.4352
B17: Refuerzo sardinel longitudinal | F17: =+'16'!F9 -> 40.2 | G17: 1 | H17: 3/8" | I17: 0.563 | J17: 2 | K17: =J17*I17*G17*F17 -> 45.2652
B18: Refuerzo sardinel transversal | F18: 0.2 | G18: =ROUND((F17)/0.3,0)+1 -> 135 | H18: 3/8" | I18: 0.563 | J18: 2 | K18: =J18*I18*G18*F18 -> 30.402
B19: Barras de union transversales | F19: 0.85 | G19: =ROUND((SUM('15'!F9:F13))/1.2+1,0) -> 54 | H19: 1/2" | I19: 0.996 | J19: 1 | K19: =J19*I19*G19*F19 -> 45.7164
B20: Pasador liso 1" tramo 1 | F20: 0.45 | G20: =ROUND('19'!F9/0.3,0)+'19'!J9 -> 29 | H20: 1" | I20: 4 | J20: 1 | K20: =J20*I20*G20*F20 -> 52.2
B21: Pasador liso 1" tramo 2 | F21: 0.45 | G21: =ROUND('19'!F10/0.3,0)+'19'!J10 -> 16 | H21: 1" | I21: 4 | J21: 1 | K21: =J21*I21*G21*F21 -> 28.8
B22: Pasador liso 1" tramo 3 | F22: 0.45 | G22: =ROUND('19'!F11/0.3,0)+'19'!J11 -> 16 | H22: 1" | I22: 4 | J22: 1 | K22: =J22*I22*G22*F22 -> 28.8
B23: Pasador liso 1" tramo 4 | F23: 0.45 | G23: =ROUND('19'!F12/0.3,0)+'19'!J12 -> 15 | H23: 1" | I23: 4 | J23: 1 | K23: =J23*I23*G23*F23 -> 27
B24: Pasador liso 1" tramo 5 | F24: 0.45 | G24: =ROUND('19'!F13/0.3,0)+'19'!J13 -> 0 | H24: 1" | I24: 4 | J24: 1 | K24: =J24*I24*G24*F24 -> 0
B26: Supervisor | F26: Contratista
B32: Total Item Acumulado | K32: =+ROUND(SUM(K9:K10,K17:K24),2) -> 908.37

Sheet 19
B2: MEMORIAS DE CALCULO DE CANTIDADES DE OBRA
B3: Contratista:
B4: Objeto: | C4: =+'PRESUPUESTO DE OBRA'!$A$2 -> CONSTRUCCIÓN DE PAVIMENTO RÍGIDO EN LA CALLE 4 ENTRE CARRERAS 7 Y 8 SECTOR LA CÁRCEL DEL MUNICIPIO DE AGUADAS, CALDAS
B5: Item No. | C5: Unidad | D5: Descripción | G5: Acta | J5: Fecha preacta
B6: 19 | C6: =VLOOKUP(B6,'PRESUPUESTO DE OBRA'!A:E,3,0) -> ml | D6: =VLOOKUP(B6,'PRESUPUESTO DE OBRA'!A:E,2,0) -> Canastillas para soporte de dovelas | G6: ='PRESUPUESTO DE OBRA'!A1 -> PRESUPUESTO DE OBRA
B7: Localización / Descripción | E7: Dimensiones promedio | K7: Medida Total
E8: Ancho (m) | F8: Longitud (m) | G8: Espesor / Altura (m) | H8: Área (m2) | I8: Volumen (m3) | J8: Nº Elementos
B9: =+'15'!B9:D9 -> Tramo 1 | F9: =+'5'!F15 -> 2.65 | J9: =+'5'!J15-2 -> 20 | K9: =+J9*F9 -> 53
B10: =+'15'!B10:D10 -> Tramo 2 | F10: =+'5'!F18 -> 3.6 | J10: =+'5'!J18-2 -> 4 | K10: =+J10*F10 -> 14.4
B11: =+'15'!B11:D11 -> Tramo 3 | F11: =+'5'!F24 -> 3.6 | J11: =+'5'!J21-2 -> 4 | K11: =+J11*F11 -> 14.4
B12: =+'15'!B12:D12 -> Intersección | F12: =+'5'!F21 -> 3.35 | J12: =+'5'!J21-2 -> 4 | K12: =+J12*F12 -> 13.4
B16: Supervisor | F16: Contratista
B22: Total Item Acumulado | K22: =+ROUND(SUM(K9:K21),2) -> 95.2

Sheet 20
B2: MEMORIAS DE CALCULO DE CANTIDADES DE OBRA
B3: Contratista:
B4: Objeto: | C4: =+'PRESUPUESTO DE OBRA'!$A$2 -> CONSTRUCCIÓN DE PAVIMENTO RÍGIDO EN LA CALLE 4 ENTRE CARRERAS 7 Y 8 SECTOR LA CÁRCEL DEL MUNICIPIO DE AGUADAS, CALDAS
B5: Item No. | C5: Unidad | D5: Descripción | G5: Acta | J5: Fecha preacta
B6: 20 | C6: =VLOOKUP(B6,'PRESUPUESTO DE OBRA'!A:E,3,0) -> m2 | D6: =VLOOKUP(B6,'PRESUPUESTO DE OBRA'!A:E,2,0) -> Suministro e instalación de malla electrosoldada 15x15cm x 4mm | G6: ='PRESUPUESTO DE OBRA'!A1 -> PRESUPUESTO DE OBRA
B7: Localización / Descripción | E7: Dimensiones promedio | K7: Medida Total
E8: Ancho (m) | F8: Longitud (m) | G8: Espesor / Altura (m) | H8: Área (m2) | I8: Volumen (m3) | J8: Nº Elementos
B9: =+'14'!B9:D9 -> Andenes margen derecho cárcel | E9: =+'14'!E9 -> 0.8 | F9: =+'14'!F9 -> 7.5 | J9: =+'14'!J9 -> 1 | K9: =+J9*F9*E9 -> 6
B16: Supervisor | F16: Contratista
B22: Total Item Acumulado | K22: =+ROUND(SUM(K9:K21),2) -> 6

Sheet 21
B2: MEMORIAS DE CALCULO DE CANTIDADES DE OBRA
B3: Contratista:
B4: Objeto: | C4: =+'PRESUPUESTO DE OBRA'!$A$2 -> CONSTRUCCIÓN DE PAVIMENTO RÍGIDO EN LA CALLE 4 ENTRE CARRERAS 7 Y 8 SECTOR LA CÁRCEL DEL MUNICIPIO DE AGUADAS, CALDAS
B5: Item No. | C5: Unidad | D5: Descripción | G5: Acta | J5: Fecha preacta
B6: 21 | C6: =VLOOKUP(B6,'PRESUPUESTO DE OBRA'!A:E,3,0) -> ml | D6: =VLOOKUP(B6,'PRESUPUESTO DE OBRA'!A:E,2,0) -> Suministro e instalación de tubería PVC corrugada de 8" | G6: ='PRESUPUESTO DE OBRA'!A1 -> PRESUPUESTO DE OBRA
B7: Localización / Descripción | E7: Dimensiones promedio | K7: Medida Total
E8: Ancho (m) | F8: Longitud (m) | G8: Espesor / Altura (m) | H8: Área (m2) | I8: Volumen (m3) | J8: Nº Elementos
B9: Sumidero tipo sifón | F9: =+'7'!F14 -> 6 | J9: =+'7'!J14 -> 2 | K9: =+F9*J9 -> 12
B13: Supervisor | F13: Contratista
B19: Total Item Acumulado | K19: =+ROUND(SUM(K9:K18),2) -> 12

Sheet 22
B2: MEMORIAS DE CALCULO DE CANTIDADES DE OBRA
B3: Contratista:
B4: Objeto: | C4: =+'PRESUPUESTO DE OBRA'!$A$2 -> CONSTRUCCIÓN DE PAVIMENTO RÍGIDO EN LA CALLE 4 ENTRE CARRERAS 7 Y 8 SECTOR LA CÁRCEL DEL MUNICIPIO DE AGUADAS, CALDAS
B5: Item No. | C5: Unidad | D5: Descripción | G5: Acta | J5: Fecha preacta
B6: 22 | C6: =VLOOKUP(B6,'PRESUPUESTO DE OBRA'!A:E,3,0) -> und | D6: =VLOOKUP(B6,'PRESUPUESTO DE OBRA'!A:E,2,0) -> Empalme a cámara | G6: ='PRESUPUESTO DE OBRA'!A1 -> PRESUPUESTO DE OBRA
B7: Localización / Descripción | E7: Dimensiones promedio | K7: Medida Total
E8: Ancho (m) | F8: Longitud (m) | G8: Espesor / Altura (m) | H8: Área (m2) | I8: Volumen (m3) | J8: Nº Elementos
B9: Tubería 8" sumidero transversal a cámara | J9: =+'21'!J9 -> 2 | K9: =+J9 -> 2
B13: Supervisor | F13: Contratista
B19: Total Item Acumulado | K19: =+ROUND(SUM(K9:K18),2) -> 2

Sheet 23
B2: MEMORIAS DE CALCULO DE CANTIDADES DE OBRA
B3: Contratista:
B4: Objeto: | C4: =+'PRESUPUESTO DE OBRA'!$A$2 -> CONSTRUCCIÓN DE PAVIMENTO RÍGIDO EN LA CALLE 4 ENTRE CARRERAS 7 Y 8 SECTOR LA CÁRCEL DEL MUNICIPIO DE AGUADAS, CALDAS
B5: Item No. | C5: Unidad | D5: Descripción | G5: Acta | J5: Fecha preacta
B6: 23 | C6: =VLOOKUP(B6,'PRESUPUESTO DE OBRA'!A:E,3,0) -> ml | D6: =VLOOKUP(B6,'PRESUPUESTO DE OBRA'!A:E,2,0) -> Suministro, transporte e instalación sumidero transversal en concreto de 3.000 psi. Incluye reja en varilla corrugada de 1", angulo de 1 1/2" x 3/16 y platina de 1 1/2" x 3/16. Espesor muros 12cm. Incluye acero de refuerzo. | G6: ='PRESUPUESTO DE OBRA'!A1 -> PRESUPUESTO DE OBRA
B7: Localización / Descripción | E7: Dimensiones promedio | K7: Medida Total
E8: Ancho (m) | F8: Longitud (m) | G8: Espesor / Altura (m) | H8: Área (m2) | I8: Volumen (m3) | J8: Nº Elementos
B15: Supervisor | F15: Contratista
B21: Total Item Acumulado | K21: =+ROUND(SUM(K9:K20),2) -> 0

Sheet 24
B2: MEMORIAS DE CALCULO DE CANTIDADES DE OBRA
B3: Contratista:
B4: Objeto: | C4: =+'PRESUPUESTO DE OBRA'!$A$2 -> CONSTRUCCIÓN DE PAVIMENTO RÍGIDO EN LA CALLE 4 ENTRE CARRERAS 7 Y 8 SECTOR LA CÁRCEL DEL MUNICIPIO DE AGUADAS, CALDAS
B5: Item No. | C5: Unidad | D5: Descripción | G5: Acta | J5: Fecha preacta
B6: 24 | C6: =VLOOKUP(B6,'PRESUPUESTO DE OBRA'!A:E,3,0) -> Un | D6: =VLOOKUP(B6,'PRESUPUESTO DE OBRA'!A:E,2,0) -> Suministro, transporte e instalación de tapa con aro pozo de inspección en HF D=0.59cm para trafico pesado. | G6: ='PRESUPUESTO DE OBRA'!A1 -> PRESUPUESTO DE OBRA
B7: Localización / Descripción | E7: Dimensiones promedio | K7: Medida Total
E8: Ancho (m) | F8: Longitud (m) | G8: Espesor / Altura (m) | H8: Área (m2) | I8: Volumen (m3) | J8: Nº Elementos
B9: Intersección | J9: 1 | K9: =+PRODUCT(E9:J9) -> 1
B15: Supervisor | F15: Contratista
B21: Total Item Acumulado | K21: =+ROUND(SUM(K9:K20),2) -> 1

Sheet 25
B2: MEMORIAS DE CALCULO DE CANTIDADES DE OBRA
B3: Contratista:
B4: Objeto: | C4: =+'PRESUPUESTO DE OBRA'!$A$2 -> CONSTRUCCIÓN DE PAVIMENTO RÍGIDO EN LA CALLE 4 ENTRE CARRERAS 7 Y 8 SECTOR LA CÁRCEL DEL MUNICIPIO DE AGUADAS, CALDAS
B5: Item No. | C5: Unidad | D5: Descripción | G5: Acta | J5: Fecha preacta
B6: 25 | C6: =VLOOKUP(B6,'PRESUPUESTO DE OBRA'!A:E,3,0) -> m2 | D6: =VLOOKUP(B6,'PRESUPUESTO DE OBRA'!A:E,2,0) -> Suministro e instalacion demarcacion pasos peatonales, lineas de pare, símbolos, textos y otras, con pintura plástico en frío método llana | G6: ='PRESUPUESTO DE OBRA'!A1 -> PRESUPUESTO DE OBRA
B7: Localización / Descripción | E7: Dimensiones promedio | K7: Medida Total
E8: Ancho (m) | F8: Longitud (m) | G8: Espesor / Altura (m) | H8: Área (m2) | I8: Volumen (m3) | J8: Nº Elementos
K9: =+PRODUCT(E9:J9) -> 0
K10: =+PRODUCT(E10:J10) -> 0
B15: Supervisor | F15: Contratista
B21: Total Item Acumulado | K21: =+ROUND(SUM(K9:K20),2) -> 0

Sheet 26
B2: MEMORIAS DE CALCULO DE CANTIDADES DE OBRA
B3: Contratista:
B4: Objeto: | C4: =+'PRESUPUESTO DE OBRA'!$A$2 -> CONSTRUCCIÓN DE PAVIMENTO RÍGIDO EN LA CALLE 4 ENTRE CARRERAS 7 Y 8 SECTOR LA CÁRCEL DEL MUNICIPIO DE AGUADAS, CALDAS
B5: Item No. | C5: Unidad | D5: Descripción | G5: Acta | J5: Fecha preacta
B6: 26 | C6: =VLOOKUP(B6,'PRESUPUESTO DE OBRA'!A:E,3,0) -> ml | D6: =VLOOKUP(B6,'PRESUPUESTO DE OBRA'!A:E,2,0) -> Suministro e instalación reductor de velocidad (3,7 m. ancho x 10cms de altura) | G6: ='PRESUPUESTO DE OBRA'!A1 -> PRESUPUESTO DE OBRA
B7: Localización / Descripción | E7: Dimensiones promedio | K7: Medida Total
E8: Ancho (m) | F8: Longitud (m) | G8: Espesor / Altura (m) | H8: Área (m2) | I8: Volumen (m3) | J8: Nº Elementos
B9: Tramo 2 | F9: 6 | J9: 1 | K9: =+PRODUCT(E9:J9) -> 6
K10: =+PRODUCT(E10:J10) -> 0
B15: Supervisor | F15: Contratista
B21: Total Item Acumulado | K21: =+ROUND(SUM(K9:K20),2) -> 6
